 Dungeon Crawl Stone Soup version 0.28-a0-479-g5baa6b73be (webtiles) character file.

Game seed: 8797185467497695964

1326107 kkln the Conqueror (level 27, -18/199 HPs)
             Began as a Gargoyle Earth Elementalist on Sept 19, 2021.
             Was the Champion of Vehumet.
             Killed from afar by a Brimstone Fiend (39 damage)
             ... with damnation
             ... on level 27 of a ziggurat.
             The game lasted 05:15:45 (85518 turns).

kkln the Conqueror (Gargoyle Earth Elementalist)   Turns: 85518, Time: 05:15:47

Health: -18/199    AC: 55    Str: 17    XL:     27
Magic:  54/54      EV: 34    Int: 35    God:    Vehumet [******]
Gold:   16020      SH:  0    Dex: 14    Spells: 4/80 levels left

rFire   + + +      SeeInvis +   Q - +3 Elemental Staff {rElec rF++ rC++ AC+5}
rCold   + + +      Faith    .   (no shield)
rNeg    + + .      Spirit   .   A - +5 steam dragon scales
rPois   ∞          Reflect  .   v - +3 crown of Dyrovepreva {rElec Int+2 SInv}
rElec   +          Harm     .   c - +2 cloak of the Bouncing Bounties {rC++ Will++ Regen+}
rCorr   .          Rampage  +   W - +2 pair of gloves of the Fletcher {+Blink Str+3 Dex+4}
Will    ++++.                   h - +2 pair of boots {rampage}
Stlth   ++++......              M - amulet "Uredwuoz" {RegenMP +Blink rF++}
HPRegen 1.43/turn               N - ring "Postae Ilog" {rN+ Int+6 SInv}
MPRegen 0.59/turn               C - ring of the Hare {EV+8}

@: magic-sapped, unable to cast spells, flying, hasted, studying 7 skills, very
quick
A: sickness immunity, AC +20, big wings, negative energy resistance 1,
electricity resistance, torment resistance 1, petrification resistance, hooves
1, deterioration 1, wild magic 1, evolution 1, sturdy frame 1
}: 5/15 runes: decaying, serpentine, slimy, silver, abyssal
a: Renounce Religion, Evoke Blink


You were on level 27 of a ziggurat.
You worshipped Vehumet.
Vehumet was exalted by your worship.
You visited 11 branches of the dungeon, and saw 53 of its levels.
You visited the Abyss 3 times.
You visited 3 ziggurats (completing 2), and saw 81 of their levels.
You also visited: Trove, Ice Cave and Wizlab.

You collected 19217 gold pieces.
You spent 3197 gold pieces at shops.

Inventory:

Hand Weapons
 k - the +8 lance "Wyrmbane" {slay drac, rPois rF+ rC+ AC+3}
   (You found it on level 14 of a ziggurat)

   It inflicts extra damage against dragons and draconians.
   AC:        It affects your AC (+3).
   rF:        It protects you from fire.
   rC:        It protects you from cold.
   rPois:     It protects you from poison.
 Q - the +3 Elemental Staff (weapon) {rElec rF++ rC++ AC+5}
   (You acquired it on level 1 of the Lair of Beasts)

   If the wielder is skilled in Evocations, they can discharge powerful blasts
   of elemental energy when striking with it.
   It enhances your fire, ice, earth and air magic.
   AC:        It affects your AC (+5).
   rF:        It greatly protects you from fire.
   rC:        It greatly protects you from cold.
   rElec:     It insulates you from electricity.
Missiles
 q - a throwing net
Armour
 c - the +2 cloak of the Bouncing Bounties (worn) {rC++ Will++ Regen+}
   (You found it on level 3 of the Vaults)

   rC:        It greatly protects you from cold.
   Regen:     It increases your rate of health regeneration.
   Will:      It greatly increases your willpower.
 h - a +2 pair of boots of rampaging (worn)
 t - the +1 robe of Slovenliness {Rampage *Corrode Dex+7 Archmagi}
   (You found it on level 27 of a ziggurat)

   Dex:       It affects your dexterity (+7).
   *Corrode:  It may corrode you when you take damage.
   Rampage:   It bestows one free step when moving towards enemies.
   Archmagi:  It increases the power of your magical spells.
 v - the +3 crown of Dyrovepreva (worn) {rElec Int+2 SInv}
   (You found it on level 10 of a ziggurat)

   Int:       It affects your intelligence (+2).
   rElec:     It insulates you from electricity.
   SInv:      It lets you see invisible.
 A - +5 steam dragon scales (worn)
 G - a +2 cloak of preservation
 W - the +2 pair of gloves of the Fletcher (worn) {+Blink Str+3 Dex+4}
   (You found it on level 25 of a ziggurat)

   Str:       It affects your strength (+3).
   Dex:       It affects your dexterity (+4).
   +Blink:    It lets you blink.
Jewellery
 d - the ring of Shadows {Umbra +Inv Stlth+}
   (You found it on level 11 of a ziggurat)

   [ring of stealth]

   It surrounds you with an aura of shadow, increasing your stealth and reducing
   the accuracy of all within it (including the wearer).
   +Inv:      It lets you turn invisible.
   Stlth:     It makes you more stealthy.
 g - a ring of the Octopus King {Wiz AC+1 EV+1 Str+1 Int+1 Dex+1}
   (You found it on level 13 of a ziggurat)

   [ring of wizardry]

   It improves your spell success rate.
   AC:        It affects your AC (+1).
   EV:        It affects your evasion (+1).
   Str:       It affects your strength (+1).
   Int:       It affects your intelligence (+1).
   Dex:       It affects your dexterity (+1).
 y - the ring of the Republic {rElec Will+ Str+4 Stlth+}
   (You found it on level 13 of a ziggurat)

   [ring of willpower]

   Str:       It affects your strength (+4).
   rElec:     It insulates you from electricity.
   Will:      It increases your willpower.
   Stlth:     It makes you more stealthy.
 C - the ring of the Hare (right hand) {EV+8}
   (You bought it in a shop on level 2 of the Orcish Mines)

   [ring of evasion]

   EV:        It affects your evasion (+8).
 D - the ring of Ignis's Favour {Slay+5 SInv}
   (You found it on level 13 of a ziggurat)

   [ring of see invisible]

   Slay:      It affects your accuracy & damage with ranged weapons and melee
   (+5).
   SInv:      It lets you see invisible.
 E - the ring "Doroek" {rElec Will+ MP+9 Str+6}
   (You found it on level 16 of a ziggurat)

   [ring of strength]

   Str:       It affects your strength (+6).
   rElec:     It insulates you from electricity.
   MP:        It affects your magic capacity (+9).
   Will:      It increases your willpower.
 M - the amulet "Uredwuoz" (around neck) {RegenMP +Blink rF++}
   (You found it on level 21 of a ziggurat)

   [amulet of magic regeneration]

   It increases your rate of magic regeneration.
   rF:        It greatly protects you from fire.
   +Blink:    It lets you blink.
 N - the ring "Postae Ilog" (left hand) {rN+ Int+6 SInv}
   (You took it off a deep elf demonologist on level 3 of the Elven Halls)

   [ring of intelligence]

   Int:       It affects your intelligence (+6).
   rN:        It protects you from negative energy.
   SInv:      It lets you see invisible.
 R - the macabre finger necklace {rN+}
   (You found it on level 22 of a ziggurat)

   [amulet of nothing]

   It enables you to equip an extra ring.
   rN:        It protects you from negative energy.
 T - the amulet of Vitality {Regen+ HP+15}
   (You found it on level 18 of a ziggurat)

   [amulet of regeneration]

   HP:        It affects your health (+15).
   Regen:     It increases your rate of health regeneration.
 U - the ring of the Mage {Wiz Will++ Int+3}
   (You found it on level 25 of a ziggurat)

   [ring of wizardry]

   It improves your spell success rate.
   Int:       It affects your intelligence (+3).
   Will:      It greatly increases your willpower.
 X - the ring of the Tortoise {AC+8}
   (You found it on level 26 of a ziggurat)

   [ring of protection]

   AC:        It affects your AC (+8).
Wands
 B - a wand of iceblast (54)
Scrolls
 b - 10 scrolls of amnesia
 f - 32 scrolls of blinking
 i - 26 scrolls of magic mapping
 j - 3 scrolls of summoning
 u - 73 scrolls of teleportation
 w - 7 scrolls of holy word
 H - a scroll of torment
 J - 46 scrolls of fog
 L - 102 scrolls of identify
Potions
 a - 53 potions of curing
 l - 14 potions of heal wounds
 m - 6 potions of invisibility
 n - 8 potions of brilliance
 o - 4 potions of resistance
 r - 19 potions of haste
 s - 3 potions of berserk rage
 x - 7 potions of ambrosia
 z - 11 potions of might
 I - 37 potions of mutation
 K - 30 potions of magic
 P - 21 potions of cancellation
Miscellaneous
 e - a tin of tremorstones (2/2)
 p - a box of beasts
 F - a phantom mirror
 O - a condenser vane
 S - a phial of floods


   Skills:
 O Level 27 Fighting
 - Level 6.7(17.3) Maces & Flails
 + Level 23.6(23.9) Staves
 + Level 22.3 Armour
 O Level 27 Dodging
 - Level 9.1 Stealth
 O Level 27 Spellcasting
 O Level 27 Conjurations
 - Level 22.0 Necromancy
 - Level 10.0 Transmutations
 O Level 27 Fire Magic
 O Level 27 Ice Magic
 + Level 23.8 Air Magic
 O Level 27 Earth Magic
 + Level 19.4 Evocations


You had 4 spell levels left.
You knew the following spells:

 Your Spells              Type           Power      Damage    Failure   Level
a - Shatter               Erth           83%        3d60*     1%          9
b - Stone Arrow           Conj/Erth      100%       3d13      1%          3
c - Lee's Rapid Deconstr  Erth           83%        3d38*     1%          5
d - Lehudib's Crystal Sp  Conj/Erth      83%        10d19     1%          8
e - Polar Vortex          Ice            83%        N/A       1%          9
f - Death's Door          Necr           65%        N/A       9%          9
g - Ignition              Fire           83%        3d21      1%          8
h - Maxwell's Capacitive  Air            80%        ∞         1%          8
i - Fire Storm            Conj/Fire      83%        8d21      1%          9
j - Necromutation         Tmut/Necr      59%        N/A       7%          8

Your spell library contained the following spells:

 Spells                   Type           Power      Damage    Failure   Level
 Animate Skeleton         Necr           100%       N/A       1%          1
 Apportation              Tloc           100%       N/A       1%          1
 Beastly Appendage        Tmut           100%       N/A       1%          1
 Foxfire                  Conj/Fire      100%       2x1d9     1%          1
 Freeze                   Ice            100%       1d11      1%          1
 Magic Dart               Conj           100%       1d8       1%          1
 Pain                     Necr           100%       1d9       1%          1
 Sandblast                Erth           100%       2d20      1%          1
 Shock                    Conj/Air       100%       1d9       1%          1
 Sting                    Tmut/Pois      100%       1d8       1%          1
 Summon Small Mammal      Summ           100%       N/A       1%          1
 Blink                    Tloc           N/A        N/A       1%          2
 Call Imp                 Summ           57%        N/A       1%          2
 Corpse Rot               Necr/Air       N/A        N/A       1%          2
 Ensorcelled Hibernation  Hex/Ice        100%       N/A       1%          2
 Passwall                 Tmut/Erth      100%       N/A       1%          2
 Poisonous Vapours        Pois/Air       100%       N/A       1%          2
 Scorch                   Fire           100%       2d10      1%          2
 Searing Ray              Conj           100%       2d8       1%          2
 Slow                     Hex            57%        N/A       1%          2
 Static Discharge         Conj/Air       100%       N/A       1%          2
 Wereblood                Tmut           100%       N/A       1%          2
 Conjure Flame            Conj/Fire      100%       6-21      1%          3
 Dazzling Flash           Conj/Hex       100%       N/A       1%          3
 Frozen Ramparts          Ice            100%       1d12      1%          3
 Ignite Poison            Fire/Tmut/Pois 100%       N/A       1%          3
 Inner Flame              Hex/Fire       100%       N/A       1%          3
 Mephitic Cloud           Conj/Pois/Air  100%       N/A       1%          3
 Ozocubu's Armour         Ice            100%       N/A       1%          3
 Spider Form              Tmut/Pois      41%        N/A       1%          3
 Swiftness                Air            100%       N/A       1%          3
 Vampiric Draining        Necr           65%        2d15      1%          3
 Airstrike                Air            80%        N/A       1%          4
 Animate Armour           Summ/Erth      100%       N/A       1%          4
 Animate Dead             Necr           65%        N/A       1%          4
 Dispel Undead            Necr           100%       3d31      1%          4
 Flame Wave               Conj/Fire      100%       3d16      1%          4
 Fulminant Prism          Conj/Hex       55%        3d25      1%          4
 Hailstorm                Conj/Ice       100%       3d20      1%          4
 Ice Form                 Ice/Tmut       100%       N/A       1%          4
 Iskenderun's Mystic Bla  Conj/Tloc      100%       2d19      1%          4
 Leda's Liquefaction      Hex/Erth       67%        N/A       1%          4
 Olgreb's Toxic Radiance  Pois           57%        N/A       1%          4
 Petrify                  Tmut/Erth      100%       N/A       1%          4
 Sticky Flame             Conj/Fire      100%       2d11      1%          4
 Summon Ice Beast         Ice/Summ       100%       N/A       1%          4
 Summon Lightning Spire   Summ/Air       100%       N/A       1%          4
 Call Canine Familiar     Summ           57%        N/A       2%          3
 Confusing Touch          Hex            57%        N/A       2%          3
 Gell's Gravitas          Tloc           28%        N/A       2%          3
 Lesser Beckoning         Tloc           57%        N/A       2%          3
 Portal Projectile        Hex/Tloc       100%       N/A       2%          3
 Summon Guardian Golem    Hex/Summ       57%        N/A       2%          3
 Teleport Other           Tloc           57%        N/A       2%          3
 Tukima's Dance           Hex            57%        N/A       2%          3
 Cause Fear               Hex            28%        N/A       7%          4
 Passage of Golubria      Tloc           N/A        N/A       7%          4
 Agony                    Necr           100%       N/A       1%          5
 Blade Hands              Tmut           50%        N/A       1%          5
 Borgnjor's Vile Clutch   Necr/Erth      81%        N/A       1%          5
 Excruciating Wounds      Necr           65%        N/A       1%          5
 Fireball                 Conj/Fire      83%        3d31      1%          5
 Freezing Cloud           Conj/Ice/Air   96%        6-21      1%          5
 Irradiate                Conj/Tmut      62%        3d34      1%          5
 Iskenderun's Battlesphe  Conj           100%       2d15      1%          5
 Lightning Bolt           Conj/Air       82%        1d109     1%          5
 Metabolic Englaciation   Hex/Ice        67%        N/A       1%          5
 Silence                  Hex/Air        65%        N/A       1%          5
 Yara's Violent Unravell  Hex/Tmut       41%        3d16      1%          5
 Conjure Ball Lightning   Conj/Air       82%        3x3d31    1%          6
 Death Channel            Necr           65%        N/A       1%          6
 Iron Shot                Conj/Erth      83%        9d15      1%          6
 Simulacrum               Ice/Necr       81%        N/A       1%          6
 Starburst                Conj/Fire      83%        6d21      1%          6
 Orb of Destruction       Conj           70%        9d18      1%          7
 Ozocubu's Refrigeration  Ice            83%        4d21      1%          7
 Spellforged Servitor     Conj/Summ      55%        N/A       1%          7
 Storm Form               Tmut/Air       72%        N/A       1%          7
 Borgnjor's Revivificati  Necr           65%        N/A       1%          8
 Infestation              Necr           65%        N/A       1%          8
 Chain Lightning          Conj/Air       82%        3d109     1%          9
 Alistair's Intoxication  Tmut/Pois      54%        N/A       3%          5
 Eringya's Noxious Bog    Tmut/Pois      41%        N/A       3%          6
 Haunt                    Necr/Summ      52%        N/A       7%          7
 Dragon Form              Tmut           50%        N/A       10%         7
 Manifold Assault         Tloc           57%        N/A       17%         5
 Summon Forest            Summ/Tloc      28%        N/A       17%         5
 Summon Mana Viper        Hex/Summ       57%        N/A       17%         5
 Dispersal                Tloc           28%        N/A       63%         6
 Invisibility             Hex            28%        N/A       63%         6
 Summon Cactus Giant      Summ           28%        N/A       63%         6
 Malign Gateway           Summ/Tloc      28%        N/A       99%         7
 Summon Hydra             Summ           28%        N/A       99%         7
 Discord                  Hex            28%        N/A       100%        8
 Disjunction              Tloc           28%        N/A       100%        8
 Summon Horrible Things   Summ           28%        N/A       100%        8
 Dragon's Call            Summ           28%        N/A       100%        9
 Statue Form              Tmut/Erth      Unusable   N/A       N/A         6

Dungeon Overview and Level Annotations

Branches:
Dungeon (15/15)            Temple (1/1) D:6            Lair (6/6) D:8
  Swamp (4/4) Lair:4        Snake (4/4) Lair:3        Slime (5/5) Lair:5
    Orc (2/2) D:12            Elf (3/3) Orc:2        Vaults (5/5) D:13
  Crypt (3/3) Vaults:3       Tomb (0/3) Crypt:3      Depths (5/5) D:15
    Zot (0/5) Depths:5      IceCv (visited)          WizLab (visited)

Altars:
Ashenzari
Cheibriados
Dithmenos
Elyvilon
Fedhas
Hepliaklqana
Kikubaaqudgha
Makhleb
Nemelex Xobeh
Okawaru
Qazlal
Ru
Sif Muna
Trog
Uskayaw
Vehumet
Wu Jian
Yredelemnul
Zin
Beogh
Jiyva

Shops:
D:2 [   D:5 =   D:8 [   Orc:2 *((=[   Elf:2 *(   Snake:3 **   Vaults:1 ?
Vaults:4 =(   Depths:2 [   Depths:4 :(

Portals:
Hell: Depths:1 Depths:2 Depths:3 Depths:4 Depths:5
Abyss: Depths:1 Depths:2 Depths:4
Pandemonium: Depths:3 Depths:5

Annotations:
Lair:1 1 transporter, Teol's ghost, novice DrNe
Snake:1 1 runed translucent door, Wabriskezyt's ghost, adept TrMo
Elf:2 3 runed translucent doors


Innate Abilities, Weirdness & Mutations

You are immune to sickness and miasma.
Your stone body is resilient. (AC +20)
You are immune to poison.
Your large and strong wings let you fly.
You resist negative energy. (rN+)
You are resistant to electric shocks. (rElec)
You are resistant to unholy torment.
You are immune to petrification.
You have large cloven feet.
Your body sometimes deteriorates upon taking damage.
Your spells are a little harder to cast, but a little more powerful.
You have hidden genetic potential.
Your movements are slightly less encumbered by armour. (ER -2)


Message History

* * * LOW HITPOINT WARNING * * *
The damnation engulfs the Brimstone Fiend.
The Brimstone Fiend completely resists.
The damnation engulfs the Brimstone Fiend.
The Brimstone Fiend completely resists.
A Hell Sentinel comes into view.
The Ice Fiend calls on the powers of darkness!
You feel a surge of unholy energy.
A gelid warmonger comes into view. It is wielding a +3 vorpal glaive.
The torturous warmonger unwields a +5 great sword.
The torturous warmonger wields a +2 arbalest of freezing.
It is covered in frost.
The torturous warmonger shoots a bolt.
The bolt closely misses you.
You hear a roar!
You hear a hideous shriek!
You feel your strength returning.
Unknown command.
Unknown command.
Unknown command.
Unknown command.
Unknown command.
Unknown command.
Unknown command.
Unknown command.
Unknown command.
Unknown command.
Unknown command.
Unknown command.
Unknown command.
Unknown command.
Unknown command.
You are unable to access your magic!
Unknown command.
You feel much better.
The Brimstone Fiend hits you but does no damage.
The Brimstone Fiend completely misses you.
The Brimstone Fiend hits you but does no damage.
An Executioner comes into view.
The Brimstone Fiend gestures at you.
The sphere of damnation explodes!
The damnation engulfs you!!!
You die...

▓▓... ......6.2
▓▓...# ...))...1
▓▓.....##1......#
▓▓......##.16..1.#
▓▓.........)..2..).
▓▓................[.
▓▓..........1......[.
▓.∩.......†..@.)3.3).
▓▓...........)1...)).
▓▓..........)..)...1
▓▓...........)..1.6
▓▓.......#.[..2..#
▓▓.............4#
▓▓...##.........
▓▓... ........)


You could see a Hell Sentinel, 2 Tzitzimimeh, 3 Brimstone Fiends, an Ice Fiend,
a cacodemon, 3 demonspawn, a green death, an Executioner, a blizzard demon, a
hellwing, a sixfirhy and a smoke demon.

Vanquished Creatures
  the Royal Jelly (Slime:5)
  The ghost of Zorhyraw the Slayer, a legendary GrEE of Vehumet (Zig:21)
  The ghost of Sobuoh the Slayer, a legendary GrEE of Vehumet (Zig:21)
  The ghost of Zorhyraw the Slayer, a legendary GrEE of Vehumet (Zig:21)
  The ghost of Wougrad the Conqueror, a legendary GrEE of Vehumet (Zig:21)
  The ghost of Leycex the Conqueror, a legendary GrEE of Vehumet (Zig:21)
  23 dread liches
  Khufu (Crypt:3)
  The ghost of Umoqal the Sorcerer, a legendary DEEE of Vehumet (Zig:21)
  The ghost of Umoqal the Sorcerer, a legendary DEEE of Vehumet (Zig:21)
  The ghost of Umoqal the Sorcerer, a legendary DEEE of Vehumet (Zig:21)
  The ghost of Umoqal the Sorcerer, a legendary DEEE of Vehumet (Zig:21)
  18 ancient liches
  The ghost of Gyofeun the Axe Maniac, a legendary FoFi of Ru (Zig:21)
  16 orbs of fire
  Mennas (Depths:3)
  The ghost of Xentuelits the Conqueror, a legendary DsGl of Okawaru (Zig:21)
  The ghost of Xentuelits the Conqueror, a legendary DsGl of Okawaru (Zig:21)
  13 juggernauts
  The ghost of Xiorchab the Archmage, a legendary VSFi of Wu Jian (Zig:21)
  The ghost of Xiorchab the Archmage, a legendary VSFi of Wu Jian (Zig:21)
  Sojobo (Crypt:1)
  34 royal mummies
  The ghost of Gishoal the Imperceptible, a legendary KoBr of Wu Jian (Zig:21)
  Frederick (Depths:5)
  Bai Suzhen (Depths:3)
  16 Killer Klowns
  9 shard shrikes
  Margery (Depths:2)
  Vashnia (Snake:4)
  Saint Roka (Depths:1)
  29 caustic shrikes
  30 golden dragons
  Nikola (Snake:1)
  9 profane servitors
  Jory (Vaults:5)
  39 pandemonium lords
  13 bone dragons
  10 Tzitzimimeh
  9 electric golems
  10 Brimstone Fiends
  A shard shrike zombie (Crypt:3)
  22 tentacled monstrosities
  3 doom hounds
  30 iron giants
  21 hellephants
  Jorgrun (Snake:3)
  Rupert (Lair:6)
  19 liches
  11 Ice Fiends
  2 tainted leviathans (Zig:5)
  24 Hell Sentinels
  17 searing wretches
  18 deep elf blademasters
  48 titans
  5 quicksilver dragons (shapeshifter)
  69 acid blobs
  An acid blob (shapeshifter) (Zig:4)
  30 deep elf master archers
  15 sphinxes
  5 tentacled starspawn
  7 quicksilver dragons
  59 ancient champions
  12 shadow dragons
  A sphinx (shapeshifter) (Zig:20)
  10 Executioners
  13 tengu reavers
  16 storm dragons
  4 thorn hunters (Swamp:4)
  The ghost of Topn the Fencer, an adept DrGl of Ashenzari (Depths:4)
  A shadow dragon (shapeshifter) (Zig:21)
  Kirke (Swamp:1)
  A fenstrider witch (Swamp:2)
  24 azure jellies
  9 warmongers
  3 azure jellies (shapeshifter)
  43 revenants
  11 narguns
  4 frost giants (shapeshifter)
  31 fire giants
  7 draconian knights
  43 nagarajas
  17 draconian monks
  An iron dragon (shapeshifter) (Zig:20)
  16 quicksilver elementals
  14 deep elf sorcerers
  A fenstrider witch (shapeshifter) (Zig:18)
  29 rockslimes
  14 blood saints
  47 balrugs
  25 black suns
  15 ghost moths
  25 vault wardens
  17 frost giants
  A caustic shrike zombie (Zig:17)
  5 cacodemons
  26 orc warlords
  13 draconian stormcallers
  18 draconian scorchers
  20 ghouls
  12 iron dragons
  2 juggernaut zombies (Zig:20)
  7 emperor scorpions
  An angel (Abyss:3)
  7 draconian shifters
  2 spriggan defenders (Depths:4)
  11 draconian annihilators
  32 ironbound preservers
  28 quicksilver oozes
  5 deep elf elementalists (Elf:3)
  25 curse skulls
  26 reapers
  4 juggernaut skeletons
  A stone giant (shapeshifter) (Zig:21)
  An ophan (Zig:12)
  2 caustic shrike skeletons
  29 war gargoyles
  47 stone giants
  47 very ugly things
  Nessos (Lair:4)
  A quicksilver ooze (shapeshifter) (Zig:21)
  3 white draconians
  10 bennus
  46 vampire knights
  30 deep elf demonologists
  4 putrid mouths
  6 black draconians
  A spark wasp (shapeshifter) (Zig:27)
  A bunyip (shapeshifter) (Zig:20)
  11 lorocyprocas
  5 green draconians
  16 entropy weavers
  32 spark wasps
  8 bunyips
  7 corrupters
  12 dire elephants
  29 iron golems
  21 deep elf annihilators
  18 wendigos
  The ghost of MirrMurr the Thrower, a journeyman GnHu of Hepliaklqana (Lair:3)
  7 purple draconians
  10 blizzard demons
  The ghost of Viuvacup the Cleaver, a journeyman GrFi of the Shining One (D:14)
  10 yellow draconians
  8 red draconians
  21 merfolk javelineers
  18 ettins
  7 crystal guardians
  27 green deaths
  42 eidola
  7 eleionomae
  2 eleionomae (shapeshifter)
  32 deep elf death magi
  28 mummy priests
  32 deep elf high priests
  23 yaktaur captains
  29 great orbs of eyes
  26 fire dragons
  3 merfolk impalers (Zig:23)
  14 shambling mangroves
  23 jiangshi
  27 naga warriors
  33 vault guards
  48 hydras
  18 spriggan air magi
  2 anacondas (shapeshifter) (Zig:26)
  5 ghost crabs
  An alligator snapping turtle (shapeshifter) (Zig:21)
  10 ice dragons
  A monstrous demonspawn (Zig:25)
  9 ironbound thunderhulks
  A juggernaut simulacrum (Depths:3)
  3 rakshasas
  2 peacekeepers
  9 ironbound frosthearts
  2 quicksilver dragon skeletons
  40 salamander tyrants
  4 merfolk avatars
  3 catoblepae (Zig:19)
  3 ogre magi
  8 hell beasts
  4 alligator snapping turtles
  2 stokers (Zig:18)
  16 boulder beetles
  6 centaur warriors
  16 anacondas
  8 two-headed ogres
  2 two-headed ogres (shapeshifter)
  14 merfolk aquamancers
  8 deep troll earth magi
  A death knight (Crypt:3)
  20 death scarabs
  A hell hog (Zig:18)
  37 dancing weapons
  6 deep troll shamans
  14 alligators
  10 tengu warriors
  4 satyrs
  41 shock serpents
  6 spriggan berserkers
  50 vampire magi
  A titan zombie (Zig:16)
  22 death yaks
  3 thrashing horrors
  38 naga sharpshooters
  23 hell knights
  43 orc high priests
  8 ironbound beastmasters
  A storm dragon zombie (Zig:17)
  6 sun demons
  12 salamander mystics
  10 crystal echidnas
  2 shock serpents (shapeshifter)
  16 soul eaters
  17 shadow wraiths
  6 sixfirhies
  5 wretched stars
  23 iron trolls
  27 deep elf knights
  3 iron trolls (shapeshifter)
  8 fire crabs
  2 titan skeletons
  34 flayed ghosts
  A bunyip zombie (Crypt:3)
  25 skeletal warriors
  10 spatial maelstroms
  A golden dragon zombie (Zig:16)
  11 goliath frogs
  13 naga ritualists
  A gelid demonspawn (Zig:25)
  A torturous demonspawn (Zig:25)
  2 storm dragon skeletons
  11 spriggan druids
  16 death drakes
  22 swamp dragons
  2 deep trolls (shapeshifter)
  28 phantasmal warriors
  6 shadow demons
  15 sea snakes
  73 deep trolls
  2 anaconda zombies
  4 glowing orange brains
  16 starcursed masses
  23 large abominations
  14 wizards
  A ghost moth zombie (Crypt:2)
  3 spectral hydras (Swamp:4)
  A swamp dragon (shapeshifter) (Vaults:5)
  23 deep elf archers
  8 obsidian statues
  10 bog bodies
  A sea snake (shapeshifter) (Zig:21)
  3 infernal demonspawn
  21 ironbound convokers
  A glowing orange brain (shapeshifter) (Zig:26)
  12 harpies (Zig:23)
  2 tengu zombies
  8 lindwurms
  Pikel (D:4)
  2 harpies (shapeshifter)
  11 orange crystal statues
  A sphinx zombie (Zig:16)
  9 wolf spiders
  13 necromancers
  24 orc knights
  3 oklob plants (Swamp:4)
  An iron giant skeleton (Crypt:3)
  47 deep elf pyromancers
  2 cyclopes (shapeshifter) (Zig:21)
  A faun (shapeshifter) (Zig:18)
  A spectral spriggan (Zig:7)
  3 shadow dragon zombies
  41 deep elf zephyrmancers
  15 mana vipers
  13 orb spiders
  4 fauns (Zig:23)
  22 shining eyes
  An iron dragon zombie (Abyss:3)
  5 will-o-the-wisps
  An iron dragon skeleton (Zig:16)
  89 ugly things
  A wolf spider (shapeshifter) (Zig:21)
  A goliath frog skeleton (Crypt:2)
  27 orc sorcerers
  18 cyclopes
  2 mana vipers (shapeshifter)
  17 manticores
  2 salamanders (shapeshifter)
  2 guardian serpents (shapeshifter)
  A worldbinder (Abyss:3)
  2 shining eyes (shapeshifter)
  34 moths of wrath
  A rust devil (Zig:27)
  23 salamanders
  A frost giant skeleton (Zig:6)
  2 sphinx skeletons
  8 elephants
  A stone giant skeleton (Crypt:1)
  16 vault sentinels
  A fire giant skeleton (Depths:3)
  11 apocalypse crabs
  22 water nymphs
  7 merfolk sirens
  A water nymph (shapeshifter) (Zig:20)
  A dire elephant zombie (Crypt:3)
  16 eyes of devastation
  43 naga magi
  11 gargoyles
  92 black mambas
  6 ice statues
  A torpor snail (shapeshifter) (Zig:15)
  22 smoke demons
  26 torpor snails
  25 cane toads
  4 orange demons
  21 guardian serpents
  An unseen horror (D:11)
  An eye of devastation (shapeshifter) (Zig:21)
  A spriggan skeleton (Zig:16)
  13 komodo dragons
  A storm dragon simulacrum (Depths:3)
  14 hellions
  A swamp worm zombie (Crypt:3)
  2 kobold demonologists
  24 rime drakes
  2 elf zombies
  17 efreet
  2 yaktaurs (shapeshifter)
  25 tormentors
  2 komodo dragons (shapeshifter)
  6 freezing wraiths
  A sea snake zombie (Crypt:3)
  13 demonic crawlers
  4 ice devils
  4 tengu conjurers
  11 hellwings
  15 yaktaurs
  A harpy zombie (Abyss:3)
  A death yak skeleton (Crypt:1)
  3 hydra zombies (Swamp:4)
  6 ancient zymes
  3 death drake zombies (Swamp:4)
  66 guardian mummies
  3 red devils (Zig:25)
  19 polar bears
  A catoblepas skeleton (Crypt:2)
  A meliai (shapeshifter) (Zig:26)
  A yellow draconian skeleton (Crypt:3)
  43 hornets
  14 tyrant leeches
  10 jumping spiders
  6 bloated husks
  A merfolk (shapeshifter) (Zig:21)
  2 jumping spiders (shapeshifter)
  A hornet (shapeshifter) (Zig:18)
  A shadow dragon simulacrum (Zig:18)
  30 blink frogs
  2 wind drakes
  15 trolls
  A wind drake (shapeshifter) (Zig:26)
  26 raiju
  Prince Ribbit (D:9)
  A hydra skeleton (Swamp:4)
  37 merfolk
  A death drake skeleton (Swamp:4)
  14 snapping turtles
  2 meliai zombies
  170 slime creatures
  A dream sheep (shapeshifter) (Zig:26)
  2 tyrant leeches (shapeshifter)
  5 spriggan zombies
  A frost giant simulacrum (Depths:3)
  21 flying skulls
  8 ynoxinuls
  18 redbacks
  15 air elementals
  2 shadows
  A centaur simulacrum (D:13)
  16 spriggans
  9 tarantellas
  78 yaks
  28 water elementals
  3 wyverns
  2 redbacks (shapeshifter)
  8 wraiths
  28 ushabtiu
  A deep troll skeleton (Depths:1)
  13 chaos spawn
  3 elf skeletons
  18 golden eyes
  9 small abominations
  19 fire elementals
  4 neqoxecs
  3 basilisks
  2 fire bats (Abyss:1)
  27 spatial vortices
  2 steam dragons
  4 swamp worms (shapeshifter)
  19 vampire mosquitoes
  Menkaure (D:5)
  13 wargs
  71 nagas
  12 swamp worms
  An orb spider zombie (Crypt:2)
  2 acid dragons (D:11)
  12 hell hounds
  20 water moccasins
  8 floating eyes
  2 floating eyes (shapeshifter)
  87 orc warriors
  3 hydra simulacra (Swamp:4)
  6 swamp drakes
  A gelid demonspawn skeleton (Crypt:1)
  A sky beast (D:6)
  3 ice beasts
  A deep troll simulacrum (Depths:1)
  2 black bears
  3 boggarts (Vaults:2)
  A swamp dragon zombie (Swamp:4)
  A fire dragon simulacrum (Crypt:3)
  3 centaurs
  5 necrophages
  37 ogres
  17 wolves
  2 phantoms
  A hog skeleton (Crypt:3)
  2 elf simulacra
  4 lemures (D:4)
  19 bullfrogs
  2 kobold brigands (Depths:2)
  13 earth elementals
  A yaktaur zombie (Crypt:2)
  A wyvern zombie (Crypt:1)
  A glowing shapeshifter simulacrum (Zig:20)
  A wyvern skeleton (D:7)
  A queen bee zombie (Crypt:2)
  A water moccasin skeleton (D:4)
  7 wights
  3 electric eels
  2 howler monkeys
  7 centaur zombies
  A quasit (Abyss:3)
  A bullfrog zombie (D:5)
  4 hounds
  Crazy Yiuf (D:3)
  2 gnoll shamans
  21 orc priests
  A bullfrog skeleton (D:3)
  18 jellies
  4 centaur skeletons
  An iron imp (Abyss:3)
  A black bear skeleton (Crypt:1)
  An iguana (D:5)
  Natasha (twice) (D:4)
  35 orc wizards
  A demigod zombie (Crypt:2)
  4 tengu skeletons
  3 hound skeletons
  137 mummies
  A howler monkey zombie (D:8)
  A howler monkey skeleton (D:6)
  12 gnolls
  2 swamp drake zombies
  11 adders
  A swamp drake skeleton (Crypt:3)
  A white imp (Abyss:3)
  6 ufetubi
  A worm (D:4)
  4 dart slugs
  101 orcs
  7 ball pythons
  A ball python (shapeshifter) (Depths:3)
  6 endoplasms
  2 giant cockroaches (D:4)
  9 goblins
  9 hobgoblins
  4 jackals (D:1)
  3 quokkas
  A ball python skeleton (Crypt:2)
  4 bats
  2 frilled lizards (D:1)
  A frilled lizard skeleton (Crypt:1)
  5 kobolds
  A rat (D:1)
  3 ball lightnings (Zig:18)
  7 fire vortices (Zig:21)
  2 plants (Depths:3)
  5 starspawn tentacles
5994 creatures vanquished.

Vanquished Creatures (collateral kills)
  A bone dragon (Zig:7)
  An iron giant (Zig:21)
  Asterion (Snake:4)
  An acid blob (Zig:12)
  A very ugly thing (Depths:3)
  An entropy weaver (shapeshifter) (Depths:3)
  A naga ritualist (Snake:4)
  A shining eye (Zig:24)
  A salamander (Snake:4)
  A guardian serpent (Snake:4)
  A golden eye (Zig:23)
  2 nagas (Snake:4)
  A floating eye (Depths:3)
14 creatures vanquished.

Vanquished Creatures (others)
  2 pandemonium lords
  2 tentacled monstrosities
  A black sun (Zig:21)
  A deep elf annihilator (Zig:26)
  A bunyip (Zig:24)
  2 green deaths (Zig:24)
  A blizzard demon (Snake:1)
  2 fire dragons
  A hydra (Swamp:4)
  An alligator snapping turtle (shapeshifter) (Zig:18)
  A thrashing horror (Zig:12)
  A sun demon (Depths:3)
  2 spriggan druids
  2 death drakes
  An iron troll (shapeshifter) (Zig:18)
  An apocalypse crab (Zig:18)
  2 black mambas (Snake:1)
  A yaktaur (shapeshifter) (Zig:18)
  2 bloated husks
  2 hornets (Zig:24)
  A water elemental (Zig:26)
  A neqoxec (Zig:25)
  2 nagas (Snake:1)
  2 demonic plants (Abyss:3)
  166 fire vortices
  8 foxfires (Swamp:1)
  46 fungi
  142 plants
  11 starspawn tentacles
  4 toadstools (D:15)
412 creatures vanquished.

Grand Total: 6420 creatures vanquished

Notes
Turn   | Place    | Note
-------+----------+-------------------------------------------
     0 | D:1      | kkln the Gargoyle Earth Elementalist began the quest for
                  | the Orb.
     0 | D:1      | Reached XP level 1. HP: 10/10 MP: 3/3
   159 | D:1      | Reached XP level 2. HP: 14/15 MP: 1/5
   846 | D:1      | Reached XP level 3. HP: 8/19 MP: 4/6
   853 | D:1      | Learned a level 3 spell: Stone Arrow
  1641 | D:2      | You fall into a shaft and drop 1 floor!
  1724 | D:3      | Reached skill level 1 in Conjurations
  1917 | D:2      | Found Gockug's Armour Emporium.
  1926 | D:2      | Reached XP level 4. HP: 23/24 MP: 8/8
  1981 | D:2      | Found an ornate altar of the Wu Jian Council.
  2763 | D:3      | Found a runed translucent door.
  2764 | D:3      | Noticed Crazy Yiuf
  2771 | D:3      | Killed Crazy Yiuf
  3090 | D:3      | Reached skill level 5 in Earth Magic
  3090 | D:3      | Reached XP level 5. HP: 28/28 MP: 3/9
  3688 | D:4      | Reached XP level 6. HP: 28/32 MP: 11/11
  3938 | D:4      | Noticed Natasha
  3942 | D:4      | Killed Natasha
  4169 | D:4      | Noticed Natasha
  4170 | D:4      | Killed Natasha
  4195 | D:4      | Noticed Pikel
  4226 | D:4      | HP: 1/32 [something (1)]
  4242 | D:4      | Killed Pikel
  4243 | D:4      | Reached skill level 5 in Spellcasting
  4243 | D:4      | Reached XP level 7. HP: 21/36 MP: 0/14
  4682 | D:5      | Entered Level 5 of the Dungeon
  4707 | D:5      | Reached skill level 5 in Conjurations
  4707 | D:5      | Reached XP level 8. HP: 41/41 MP: 7/15
  4908 | D:5      | Gained mutation: Your mind is acute. (Int +2) [potion of
                  | mutation]
  4908 | D:5      | Gained mutation: You tend to lose your temper in combat.
                  | [potion of mutation]
  4926 | D:5      | Noticed Menkaure
  4927 | D:5      | Found Yfyefykh's Jewellery Shoppe.
  4930 | D:5      | Killed Menkaure
  5053 | D:5      | Identified a scroll of acquirement
  5053 | D:5      | Acquired 912 gold pieces
  5897 | D:6      | Reached XP level 9. HP: 25/45 MP: 8/18
  6040 | D:6      | Acquired 880 gold pieces
  6057 | D:6      | Lost mutation: Your mind is acute. (Int +2) [potion of
                  | mutation]
  6057 | D:6      | Lost mutation: You tend to lose your temper in combat.
                  | [potion of mutation]
  6057 | D:6      | Gained mutation: Your muscles are strong. (Str +2) [potion
                  | of mutation]
  6057 | D:6      | Gained mutation: You sometimes lose the ability to read
                  | scrolls when taking damage. [potion of mutation]
  6057 | D:6      | Gained mutation: You possess an exceptional clarity of
                  | mind. [potion of mutation]
  6650 | D:6      | Found a staircase to the Ecumenical Temple.
  6696 | Temple   | Entered the Ecumenical Temple
  6730 | Temple   | Became a worshipper of Vehumet
  7015 | D:6      | Reached skill level 1 in Armour
  7141 | D:6      | Reached skill level 1 in Fighting
  7141 | D:6      | Reached skill level 1 in Maces & Flails
  7141 | D:6      | Reached skill level 1 in Evocations
  8485 | D:7      | Found a blossoming altar of Fedhas.
  8802 | D:8      | Reached * piety under Vehumet
  8802 | D:8      | Offered knowledge of Foxfire by Vehumet.
  8803 | D:8      | Reached XP level 10. HP: 50/53 MP: 16/20
  9050 | D:8      | Found Vuma Joo's Armour Boutique.
  9634 | D:8      | Found a staircase to the Lair.
  9974 | D:8      | Offered knowledge of Magic Dart by Vehumet.
 10109 | D:9      | Reached ** piety under Vehumet
 10820 | D:9      | Identified the +7 short sword of Symmetry {pain, Stlth+}
 10879 | D:9      | Noticed Prince Ribbit
 11139 | D:9      | Killed Prince Ribbit
 11786 | D:10     | Entered Level 10 of the Dungeon
 12199 | D:10     | Reached skill level 10 in Earth Magic
 12662 | D:10     | Reached XP level 11. HP: 49/61 MP: 4/22
 12700 | D:10     | Acquired 807 gold pieces
 12803 | D:10     | Noticed a two-headed ogre
 12807 | D:10     | Killed a two-headed ogre
 12859 | D:10     | Learned a level 3 spell: Mephitic Cloud
 13400 | D:11     | Offered knowledge of Dazzling Flash by Vehumet.
 13567 | D:11     | Noticed a brown ugly thing
 13570 | D:11     | Killed a brown ugly thing
 13851 | D:11     | Noticed a purple ugly thing
 13855 | D:11     | Killed a purple ugly thing
 13856 | D:11     | Reached skill level 5 in Armour
 13868 | D:11     | Reached skill level 5 in Fighting
 14399 | D:12     | Noticed a two-headed ogre
 14402 | D:12     | Killed a two-headed ogre
 14431 | D:12     | Reached *** piety under Vehumet
 14437 | D:12     | Reached skill level 5 in Maces & Flails
 14626 | D:12     | Learned a level 3 spell: Dazzling Flash
 14673 | D:12     | Reached XP level 12. HP: 68/68 MP: 14/24
 15096 | D:12     | Identified the +0 helmet "Jofib" {Harm Regen+ Str-3 Dex+3}
 15157 | D:12     | Found a staircase to the Orcish Mines.
 15336 | D:13     | Reached skill level 5 in Dodging
 15537 | D:13     | Noticed a boulder beetle
 15545 | D:13     | Found a sparkling altar of Nemelex Xobeh.
 15550 | D:13     | Offered knowledge of Olgreb's Toxic Radiance by Vehumet.
 15555 | D:13     | Noticed a two-headed ogre
 15556 | D:13     | Killed a boulder beetle
 15557 | D:13     | Reached skill level 5 in Evocations
 15558 | D:13     | Killed a two-headed ogre
 15828 | D:13     | You fall into a shaft and drop 1 floor!
 16063 | D:14     | Noticed a tengu warrior
 16335 | D:13     | Noticed a vault guard
 16342 | D:13     | Killed a vault guard
 16342 | D:13     | Reached **** piety under Vehumet
 16516 | D:13     | Got the Disquisition on Clay and Curses
 16730 | D:13     | Found a gate to the Vaults.
 16736 | D:13     | Offered knowledge of Yara's Violent Unravelling by Vehumet.
 17012 | D:14     | Noticed a two-headed ogre
 17017 | D:14     | Killed a two-headed ogre
 17018 | D:14     | Reached skill level 10 in Conjurations
 17018 | D:14     | Reached XP level 13. HP: 76/76 MP: 12/26
 17494 | D:14     | Found a runed translucent gate.
 17495 | D:14     | Found a runed translucent gate.
 17497 | D:14     | Found a runed translucent gate.
 17498 | D:14     | Noticed Viuvacup's ghost (journeyman GrFi)
 17612 | D:14     | Found a shimmering blue altar of Sif Muna.
 17819 | Lair:1   | Entered Level 1 of the Lair of Beasts
 18208 | Lair:1   | Acquired the +3 Elemental Staff {rElec rF++ rC++ AC+5}
 18208 | Lair:1   | Found the +3 Elemental Staff {rElec rF++ rC++ AC+5}
 18220 | Lair:1   | Found a transporter.
 18225 | Lair:1   | Noticed Teol's ghost (novice DrNe)
 18243 | Lair:1   | Found a transporter.
 18650 | Lair:1   | Lost mutation: Your muscles are strong. (Str +2) [potion of
                  | mutation]
 18650 | Lair:1   | Lost mutation: You sometimes lose the ability to read
                  | scrolls when taking damage. [potion of mutation]
 18650 | Lair:1   | Gained mutation: You are dopey. (Int -2) [potion of
                  | mutation]
 18650 | Lair:1   | Gained mutation: You expend magic power (3 MP) to
                  | strengthen your wands. [potion of mutation]
 18650 | Lair:1   | Gained mutation: Your spells are a little harder to cast,
                  | but a little more powerful. [potion of mutation]
 18650 | Lair:1   | Gained mutation: You have a pair of small horns on your
                  | head. [potion of mutation]
 19146 | Lair:2   | Reached skill level 1 in Staves
 20066 | Lair:2   | You fall into a shaft and drop 1 floor!
 20186 | Lair:2   | Reached ***** piety under Vehumet
 20186 | Lair:2   | Offered knowledge of Lee's Rapid Deconstruction by Vehumet.
 20213 | Lair:2   | Learned a level 5 spell: Lee's Rapid Deconstruction
 21333 | Lair:3   | Gained mutation: Your large and strong wings let you fly.
                  | [Gargoyle growth]
 21333 | Lair:3   | Reached XP level 14. HP: 68/84 MP: 8/27
 21526 | Lair:3   | Found a staircase to the Snake Pit.
 21741 | Lair:3   | Found a runed translucent door.
 21741 | Lair:3   | Noticed MirrMurr's ghost (journeyman GnHu)
 22159 | Lair:3   | Killed MirrMurr's ghost
 22353 | Lair:4   | You are sucked into a shaft and drop 2 floors!
 22353 | Lair:6   | Entered Level 6 of the Lair of Beasts
 22368 | Lair:6   | Reached skill level 1 in Fire Magic
 22483 | Lair:6   | Reached skill level 10 in Spellcasting
 23015 | Lair:6   | Noticed Rupert
 23025 | Lair:6   | Killed Rupert
 23644 | Lair:6   | Offered knowledge of Starburst by Vehumet.
 23949 | Lair:6   | Reached XP level 15. HP: 91/91 MP: 29/29
 24089 | Lair:6   | Reached skill level 5 in Staves
 24286 | Lair:6   | Learned a level 6 spell: Starburst
 24323 | Lair:6   | Identified the ring of Badelu {Fly rElec MP+9 Str+7 Slay+2}
 25018 | Lair:5   | Reached skill level 5 in Fire Magic
 25811 | Lair:5   | Found a staircase to the Slime Pits.
 26306 | Lair:4   | Offered knowledge of Fireball by Vehumet.
 26686 | Lair:4   | Found a staircase to the Swamp.
 26722 | Lair:4   | Noticed Nessos
 26734 | Lair:4   | Killed Nessos
 27121 | Lair:4   | Found a transporter.
 27123 | Lair:4   | Found a transporter.
 27286 | Lair:4   | Reached skill level 10 in Fighting
 27937 | Orc:1    | Entered Level 1 of the Orcish Mines
 28275 | Orc:2    | Entered Level 2 of the Orcish Mines
 28336 | Orc:2    | Found Umonaxez's Antique Weapon Emporium.
 29194 | Orc:2    | Found a staircase to the Elven Halls.
 29240 | Orc:2    | Noticed an orc warlord
 29252 | Orc:2    | Killed an orc warlord
 29261 | Orc:2    | Offered knowledge of Conjure Ball Lightning by Vehumet.
 29473 | Orc:2    | Found Oxaim's Antique Weapon Boutique.
 29476 | Orc:2    | Found Bughum's General Store.
 29513 | Orc:2    | Found Huafuff's Jewellery Boutique.
 29537 | Orc:2    | Bought a scroll of summoning for 123 gold pieces
 29545 | Orc:2    | Found Egrulez's Antique Armour Boutique.
 29553 | Orc:2    | Bought a pair of runed gloves for 247 gold pieces
 29956 | Orc:2    | Bought the ring of the Hare {EV+8} for 1920 gold pieces
 29956 | Orc:2    | Found the ring of the Hare {EV+8}
 30180 | D:14     | Reached XP level 16. HP: 67/97 MP: 30/30
 30207 | D:14     | Killed Viuvacup's ghost
 30346 | D:14     | Identified the +7 broad axe of Pododilu {elec, Int+4}
 30390 | D:15     | Entered Level 15 of the Dungeon
 30707 | D:15     | Found a shadowy altar of Dithmenos.
 30836 | D:15     | Found a staircase to the Depths.
 31643 | Snake:1  | Entered Level 1 of the Snake Pit
 31803 | Snake:1  | Reached skill level 10 in Fire Magic
 31867 | Snake:1  | Found a transporter.
 31906 | Snake:1  | Found a frozen archway.
 31909 | IceCv    | Entered an ice cave
 31956 | IceCv    | Offered knowledge of Orb of Destruction by Vehumet.
 32137 | IceCv    | Learned a level 7 spell: Orb of Destruction
 33090 | IceCv    | Identified the +9 ice dragon scales of Incorporation {rPois
                  | rF- rC++ Will- Slay+2}
 33090 | IceCv    | Noticed a shard shrike
 33093 | IceCv    | Identified the +3 war axe of Red Wine {speed, Str+4}
 33098 | IceCv    | Killed a shard shrike
 33099 | IceCv    | Reached XP level 17. HP: 49/104 MP: 18/32
 33920 | Snake:1  | Noticed Nikola
 33936 | Snake:1  | Killed Nikola
 33971 | Snake:1  | Found a runed translucent door.
 33972 | Snake:1  | Noticed Wabriskezyt's ghost (adept TrMo)
 34022 | Snake:1  | Found a transporter.
 34205 | Snake:1  | Noticed a Hell Sentinel
 34665 | Snake:1  | Killed a Hell Sentinel
 34668 | Snake:1  | Identified the ring of Virtue {*Slow Fly rElec MP+9 Str+2}
 34773 | Snake:1  | Identified the ring of Amelu {rF++ rN+ Will+ Dex-5}
 35918 | Snake:2  | Offered knowledge of Iron Shot by Vehumet.
 35926 | Snake:2  | Learned a level 6 spell: Iron Shot
 36144 | Snake:3  | Noticed Jorgrun
 36346 | Snake:3  | Killed Jorgrun
 37202 | Snake:3  | Found Fosaiffu's Assorted Antiques.
 37207 | Snake:3  | Found Wiacruh's General Store.
 37226 | Snake:3  | Bought a potion of haste for 180 gold pieces
 38451 | Snake:3  | Reached XP level 18. HP: 93/111 MP: 33/33
 38762 | Swamp:1  | Entered Level 1 of the Swamp
 38829 | Swamp:1  | Reached skill level 15 in Earth Magic
 39543 | Swamp:1  | Found a sacrificial altar of Ru.
 39640 | Swamp:1  | Reached skill level 10 in Evocations
 39721 | Swamp:1  | Noticed Kirke
 39726 | Swamp:1  | Killed Kirke
 40305 | Swamp:2  | Offered knowledge of Ignition by Vehumet.
 40390 | Swamp:2  | Learned a level 8 spell: Ignition
 42532 | Swamp:4  | Entered Level 4 of the Swamp
 42536 | Swamp:4  | Reached skill level 15 in Fire Magic
 43295 | Swamp:4  | Reached XP level 19. HP: 116/116 MP: 32/34
 43326 | Swamp:4  | Reached ****** piety under Vehumet
 43612 | Swamp:4  | Offered knowledge of Lehudib's Crystal Spear by Vehumet.
 43612 | Swamp:4  | Offered knowledge of Fire Storm by Vehumet.
 43612 | Swamp:4  | Offered knowledge of Shatter by Vehumet.
 44471 | Swamp:4  | Found a basalt altar of Yredelemnul.
 44693 | Swamp:4  | Found a blossoming altar of Fedhas.
 44988 | Swamp:4  | Got a decaying rune of Zot
 45270 | Snake:4  | Entered Level 4 of the Snake Pit
 46113 | Snake:4  | Noticed Asterion
 46119 | Snake:4  | Killed Asterion
 46669 | Snake:4  | Noticed Vashnia
 46676 | Snake:4  | Killed Vashnia
 46677 | Snake:4  | Reached skill level 10 in Dodging
 46677 | Snake:4  | Reached XP level 20. HP: 77/123 MP: 9/36
 46875 | Snake:4  | Got a serpentine rune of Zot
 47382 | Vaults:1 | Entered Level 1 of the Vaults
 47609 | Vaults:1 | Cast into level 3 of the Abyss (a wizard)
 47656 | Abyss:3  | Found a bloodstained altar of Trog.
 47762 | Abyss:3  | Noticed a bone dragon
 47767 | Abyss:3  | Killed a bone dragon
 47987 | Abyss:3  | Found a bloodstained altar of Trog.
 48014 | Vaults:1 | Escaped the Abyss
 48746 | Vaults:1 | Reached skill level 10 in Staves
 49524 | Vaults:1 | Reached XP level 21. HP: 129/129 MP: 31/37
 49768 | Vaults:1 | Found Orosydu's Magic Scroll Shoppe.
 49813 | Vaults:1 | Bought a scroll of blinking for 120 gold pieces
 49813 | Vaults:1 | Bought a scroll of enchant armour for 120 gold pieces
 49813 | Vaults:1 | Bought a scroll of enchant armour for 120 gold pieces
 49998 | Elf:1    | Entered Level 1 of the Elven Halls
 51079 | Elf:2    | Identified the ring of the Townfolk {rPois rCorr SInv}
 51439 | Elf:2    | Found Ibas's Antique Weapon Boutique.
 51458 | Elf:2    | Paralysed by an air elemental for 1 turns
 51564 | Elf:2    | Found Ockuxewowe's Assorted Antiques.
 51572 | Elf:2    | Bought a scroll of enchant armour for 262 gold pieces
 51572 | Elf:2    | Bought a potion of curing for 105 gold pieces
 51777 | Elf:2    | Found a runed translucent gate.
 51778 | Elf:2    | Found a runed translucent gate.
 51778 | Elf:2    | Found a runed translucent gate.
 51922 | Elf:3    | Entered Level 3 of the Elven Halls
 52650 | Elf:3    | Reached skill level 15 in Conjurations
 52926 | Elf:3    | Cast into level 3 of the Abyss (a deep elf demonologist)
 53005 | Abyss:3  | Found a sparkling altar of Nemelex Xobeh.
 53149 | Abyss:3  | Noticed a bone dragon
 53151 | Elf:3    | Escaped the Abyss
 53151 | Elf:3    | Identified the amulet "Tewkun" {RegenMP rC+ Stlth+}
 53153 | Elf:3    | Identified the +8 broad axe of Zofiru Taas {vorpal}
 53153 | Elf:3    | Identified the ring "Postae Ilog" {rN+ Int+6 SInv}
 53155 | Elf:3    | Identified the +6 falchion "Embalmer" {speed, Drain rF++
                  | rC+ Dex+2}
 53158 | Elf:3    | Identified the +6 dagger of the Onslaught {drain, *Slow
                  | rElec Int+4}
 53167 | Elf:3    | Reached XP level 22. HP: 93/136 MP: 39/39
 53479 | Elf:3    | Acquired 516 gold pieces
 53668 | Elf:3    | Found the +3 sling "Punk" {acid, rCorr}
 54232 | Vaults:2 | You are sucked into a shaft and drop 1 floor!
 54817 | Vaults:3 | Found a staircase to the Crypt.
 55529 | Vaults:2 | Reached XP level 23. HP: 139/143 MP: 40/40
 56077 | Vaults:2 | Learned a level 9 spell: Shatter
 56590 | Vaults:3 | Identified the amulet of Equilibrium {Faith rC- Str+8
                  | Stlth+}
 56605 | Vaults:3 | Identified the +2 cloak of the Bouncing Bounties {rC++
                  | Will++ Regen+}
 57213 | Vaults:4 | Found Nuoli's Jewellery Shop.
 57741 | Vaults:4 | Found Teal's Antique Weapon Emporium.
 57982 | Vaults:5 | Entered Level 5 of the Vaults
 57984 | Vaults:5 | Reached skill level 15 in Spellcasting
 57986 | Vaults:5 | Gained mutation: You have hidden genetic defects. [a
                  | shining eye]
 57996 | Vaults:5 | Reached XP level 24. HP: 149/149 MP: 42/42
 58006 | Vaults:5 | Noticed a dread lich
 58006 | Vaults:5 | Gained mutation: You are weak. (Str -2) [hidden defects]
 58009 | Vaults:5 | Killed a dread lich
 58020 | Vaults:4 | Gained mutation: You occasionally shout uncontrollably at
                  | your foes. [hidden defects]
 58020 | Vaults:4 | Lost mutation: You have hidden genetic defects. [hidden
                  | defects expressed]
 58084 | Vaults:5 | Noticed Jory
 58093 | Vaults:5 | Killed Jory
 58180 | Vaults:5 | Got a silver rune of Zot
 58376 | Vaults:5 | Reached XP level 25. HP: 148/154 MP: 17/45
 58645 | Vaults:5 | Got the Tome of the Guardian
 59263 | Vaults:5 | Identified the -3 pair of gloves "Tuntiodd" {rPois rN+}
 59672 | Crypt:1  | Entered Level 1 of the Crypt
 59705 | Crypt:1  | Noticed Sojobo
 59717 | Crypt:1  | Killed Sojobo
 60071 | Crypt:1  | You are sucked into a shaft and drop 1 floor!
 60073 | Crypt:2  | Reached skill level 15 in Fighting
 60576 | Crypt:2  | Found a magical portal.
 60584 | WizLab   | Entered Doroklohe's Tomb
 60865 | WizLab   | Gained mutation: You sometimes lose the ability to read
                  | scrolls when taking damage. [a neqoxec]
 60872 | WizLab   | Gained mutation: Armour fits poorly on your strangely
                  | shaped body. [a cacodemon]
 60873 | WizLab   | Lost mutation: You possess an exceptional clarity of mind.
                  | [a cacodemon]
 60874 | WizLab   | Gained mutation: You are clumsy. (Dex -2) [a cacodemon]
 61132 | WizLab   | Lost mutation: You expend magic power (3 MP) to strengthen
                  | your wands. [potion of mutation]
 61132 | WizLab   | Lost mutation: You have a pair of small horns on your head.
                  | [potion of mutation]
 61132 | WizLab   | Gained mutation: Your magical capacity is low. (-10% MP)
                  | [potion of mutation]
 61132 | WizLab   | Gained mutation: Your movements are slightly less
                  | encumbered by armour. (ER -2) [potion of mutation]
 61133 | WizLab   | Lost mutation: You are dopey. (Int -2) [potion of mutation]
 61133 | WizLab   | Lost mutation: Your spells are a little harder to cast, but
                  | a little more powerful. [potion of mutation]
 61133 | WizLab   | Lost mutation: Armour fits poorly on your strangely shaped
                  | body. [potion of mutation]
 61134 | WizLab   | Lost mutation: You occasionally shout uncontrollably at
                  | your foes. [potion of mutation]
 61134 | WizLab   | Lost mutation: You are clumsy. (Dex -2) [potion of
                  | mutation]
 61134 | WizLab   | Gained mutation: You have hidden genetic potential. [potion
                  | of mutation]
 61135 | WizLab   | Lost mutation: Your movements are slightly less encumbered
                  | by armour. (ER -2) [potion of mutation]
 61135 | WizLab   | Lost mutation: You have hidden genetic potential. [potion
                  | of mutation]
 61135 | WizLab   | Lost mutation: Your magical capacity is low. (-10% MP)
                  | [potion of mutation]
 61135 | WizLab   | Gained mutation: Your magical capacity is low. (-10% MP)
                  | [potion of mutation]
 61135 | WizLab   | Gained mutation: You have a pair of small antennae on your
                  | head. [potion of mutation]
 61135 | WizLab   | Gained mutation: You are robust. (+10% HP) [potion of
                  | mutation]
 61136 | WizLab   | Lost mutation: You are weak. (Str -2) [potion of mutation]
 61136 | WizLab   | Lost mutation: You sometimes lose the ability to read
                  | scrolls when taking damage. [potion of mutation]
 61136 | WizLab   | Gained mutation: You passively dampen the noise of your
                  | surroundings. [potion of mutation]
 62078 | Crypt:3  | Entered Level 3 of the Crypt
 62556 | Crypt:3  | Reached XP level 26. HP: 136/178 MP: 41/41
 62606 | Crypt:3  | Noticed Khufu
 62659 | Crypt:3  | Noticed a royal mummy
 62678 | Crypt:3  | Learned a level 9 spell: Fire Storm
 62772 | Crypt:3  | Noticed a royal mummy
 62775 | Crypt:3  | Killed a royal mummy
 62776 | Crypt:3  | Killed a royal mummy
 62839 | Crypt:3  | Killed Khufu
 63026 | Crypt:3  | Found an ancient bone altar of Kikubaaqudgha.
 63026 | Crypt:3  | Found a basalt altar of Yredelemnul.
 63046 | Crypt:3  | Identified the ring "Qiroimn" {rPois rF+ rN+ Dex-4}
 63046 | Crypt:3  | Identified the ring of Kikubaaqudgha's Hatred {rF+ rN+}
 63235 | Crypt:3  | Found a staircase to the Tomb.
 63666 | Depths:1 | Entered Level 1 of the Depths
 63676 | Depths:1 | Found a stormy altar of Qazlal.
 63826 | Depths:1 | Noticed Saint Roka
 63830 | Depths:1 | Killed Saint Roka
 63892 | Depths:1 | Found a gateway to Hell.
 64132 | Depths:1 | Found a portal to a secret trove of treasure.
 64147 | Depths:1 | Found a one-way gate to the infinite horrors of the Abyss.
 65119 | Depths:1 | Found a bloodstained altar of Trog.
 68698 | Depths:1 | Glimpsed the power of Zot.
 69359 | Depths:1 | You paid a toll of +9 ice dragon scales to enter a treasure
                  | trove
 69360 | Trove    | Entered a treasure trove
 69883 | Depths:2 | Reached XP level 27. HP: 154/187 MP: 19/42
 69933 | Depths:2 | Found a glowing silver altar of Zin.
 70307 | Depths:2 | Found Xoitiox's Antique Armour Boutique.
 70319 | Depths:2 | Found a gateway to a ziggurat.
 70474 | Depths:2 | Noticed Margery
 70477 | Depths:2 | Killed Margery
 71119 | Depths:3 | Noticed Bai Suzhen
 71129 | Depths:3 | Killed Bai Suzhen
 71447 | Depths:3 | Noticed a juggernaut
 71455 | Depths:3 | Killed a juggernaut
 71563 | Depths:3 | Found a blossoming altar of Fedhas.
 71955 | Depths:3 | Found a one-way gate leading to the halls of Pandemonium.
 71970 | Depths:3 | Learned a level 8 spell: Necromutation
 72025 | Depths:3 | Noticed Mennas
 72027 | Depths:3 | Killed Mennas
 72028 | Depths:3 | Reached skill level 1 in Transmutations
 72273 | Depths:4 | Found Boumago's Weapon Emporium.
 72273 | Depths:4 | Found Obijosmu's Book Shoppe.
 72282 | Depths:4 | Reached skill level 1 in Necromancy
 72322 | Depths:4 | Noticed Topn's ghost (adept DrGl)
 72336 | Depths:4 | Killed Topn's ghost
 72422 | Depths:4 | Found a transporter.
 72423 | Depths:4 | Found a transporter.
 72426 | Depths:4 | Identified the amulet of Mataj {Reflect Harm *Slow rN+++
                  | SH+5}
 72553 | Depths:4 | Noticed a juggernaut
 72564 | Depths:4 | Killed a juggernaut
 73304 | Depths:5 | Entered Level 5 of the Depths
 73310 | Depths:5 | Noticed Frederick
 73315 | Depths:5 | Killed Frederick
 73463 | Depths:5 | Found a gate to the Realm of Zot.
 73804 | Depths:5 | Found a hide-covered altar of Uskayaw.
 73924 | Depths:5 | Got the Reference Book on the Oath and Transformation
 74496 | Zig:1    | Entered Level 1 of a ziggurat
 74520 | Zig:2    | Entered Level 2 of a ziggurat
 74521 | Zig:2    | Noticed Veth the pandemonium lord
 74549 | Zig:2    | Killed Veth the pandemonium lord
 74616 | Zig:2    | Identified the +8 great sword of Makhleb {spect, Fragile
                  | rPois Int+7 Stlth+}
 74620 | Zig:3    | Entered Level 3 of a ziggurat
 74649 | Zig:3    | Identified the ring "Ycics" {Int+4 Dex+2 SInv}
 74655 | Zig:4    | Entered Level 4 of a ziggurat
 74681 | Zig:5    | Entered Level 5 of a ziggurat
 74736 | Zig:6    | Entered Level 6 of a ziggurat
 74747 | Zig:6    | Identified the ring "Nattorra" {Fly rPois rF+ Will- Dex+5}
 74750 | Zig:6    | Identified the +10 hand crossbow "Irisal" {vorpal, *Corrode
                  | rF+ rC++}
 74757 | Zig:7    | Entered Level 7 of a ziggurat
 74766 | Zig:7    | Reached skill level 15 in Dodging
 74767 | Zig:7    | Reached skill level 5 in Transmutations
 74794 | Zig:7    | Identified the +1 trident of Mudos {holy, *Slow Dex+2
                  | Stlth+}
 74797 | Zig:7    | Identified the +1 robe of the Swamp {Harm Int+7}
 74803 | Zig:8    | Entered Level 8 of a ziggurat
 74813 | Zig:8    | Reached skill level 5 in Necromancy
 74843 | Zig:8    | Identified the ring "Belosu" {Str+6 Dex+4}
 74851 | Zig:9    | Entered Level 9 of a ziggurat
 74874 | Zig:9    | Identified the +6 flail "Zulaega" {flame, Int+2 Dex+4}
 74888 | Zig:9    | Identified the +3 dagger of Stickiness {flame, rC+}
 74889 | Zig:9    | Identified the +7 broad axe of Yzetisea {flame, Str+2}
 74896 | Zig:10   | Entered Level 10 of a ziggurat
 74945 | Zig:10   | Identified the +6 demon blade "Iniarud" {vamp, rElec rPois
                  | Int+3 Dex+2}
 74957 | Zig:10   | Identified the ring of Biopnual {Ice Dex+2}
 74976 | Zig:11   | Entered Level 11 of a ziggurat
 75053 | Zig:12   | Entered Level 12 of a ziggurat
 75100 | Zig:12   | Acquired 1109 gold pieces
 75107 | Zig:12   | Identified the ring "Cothutis" {Int+6 Dex+4}
 75123 | Zig:12   | Identified the ring of Past Mistakes {rPois rN+ Will+ Str-2
                  | Dex+3}
 75126 | Zig:12   | Identified the amulet "Niuthuin" {Acrobat rF+ Will++ Dex+2}
 75132 | Zig:13   | Entered Level 13 of a ziggurat
 75162 | Zig:13   | Got the Collected Works on the Blaze and the Compass
 75168 | Zig:13   | Identified the +6 morningstar of the Dripping Rat {drain,
                  | Str+7}
 75174 | Zig:13   | Identified the +0 robe "Tuiptox" {rCorr Str+3}
 75181 | Zig:13   | Identified the amulet of the Fool {Drain rF++ Regen+ rCorr}
 75187 | Zig:13   | Identified the +0 troll leather armour "Kazoqoax" {-Tele
                  | rElec rPois Regen+}
 75193 | Zig:14   | Entered Level 14 of a ziggurat
 75209 | Zig:14   | Noticed a juggernaut
 75212 | Zig:14   | Killed a juggernaut
 75237 | Zig:14   | Got the Collected Works on Fiery Air
 75242 | Zig:14   | Identified the +1 dagger "Geziuwk" {freeze, rF+ Str+2
                  | Dex+3}
 75263 | Zig:15   | Entered Level 15 of a ziggurat
 75303 | Zig:15   | Identified the +6 dagger "Ufoluabo" {flame, *Rage Will++}
 75309 | Zig:15   | Identified the +5 battleaxe "Oplo" {drain, Contam *Rage
                  | Str+2 Int+3}
 75319 | Zig:16   | Entered Level 16 of a ziggurat
 75327 | Zig:16   | Noticed an orb of fire
 75329 | Zig:16   | Noticed an orb of fire
 75337 | Zig:16   | Killed an orb of fire
 75341 | Zig:16   | Gained mutation: Your body sometimes deteriorates upon
                  | taking damage. [an orb of fire]
 75343 | Zig:16   | Killed an orb of fire
 75399 | Zig:16   | Lost mutation: Your body sometimes deteriorates upon taking
                  | damage. [potion of mutation]
 75399 | Zig:16   | Lost mutation: Your magical capacity is low. (-10% MP)
                  | [potion of mutation]
 75399 | Zig:16   | Gained mutation: Your muscles are strong. (Str +2) [potion
                  | of mutation]
 75399 | Zig:16   | Gained mutation: Your spells are a little harder to cast,
                  | but a little more powerful. [potion of mutation]
 75428 | Zig:16   | Identified the ring of Twilight {*Corrode rElec rPois rF-
                  | rC+}
 75456 | Zig:17   | Entered Level 17 of a ziggurat
 75475 | Zig:17   | Noticed Gurisar the pandemonium lord
 75477 | Zig:17   | Killed Gurisar the pandemonium lord
 75730 | Zig:17   | Identified the ring "Coalot" {rF+ Str+4}
 75739 | Zig:17   | Identified the ring "Quty Pie" {+Blink Fly rCorr Dex-3}
 75746 | Zig:17   | Reached skill level 10 in Necromancy
 75748 | Zig:17   | Identified the +1 leather armour "Xiqesch" {rF+ Str-4
                  | Slay+3}
 75751 | Zig:17   | Identified the +8 scimitar "Inwem" {distort, Int+3 Dex+6}
 75752 | Zig:17   | Identified the +9 demon whip "Buosch" {flame, rCorr Dex+6}
 75759 | Zig:18   | Entered Level 18 of a ziggurat
 75777 | Zig:18   | Noticed Gilua the pandemonium lord
 75778 | Zig:18   | Noticed Hoeteeqa the pandemonium lord
 75779 | Zig:18   | Killed Gilua the pandemonium lord
 75779 | Zig:18   | Killed Ubomah the pandemonium lord
 75780 | Zig:18   | Reached skill level 10 in Transmutations
 75780 | Zig:18   | Noticed Buyc the pandemonium lord
 75780 | Zig:18   | Noticed Dyaplax the pandemonium lord
 75781 | Zig:18   | Killed Dyaplax the pandemonium lord
 75782 | Zig:18   | Killed Hoeteeqa the pandemonium lord
 75782 | Zig:18   | Killed Buyc the pandemonium lord
 75782 | Zig:18   | Killed Kiot the pandemonium lord
 75783 | Zig:18   | Noticed Telablib the pandemonium lord
 75796 | Zig:18   | Killed Telablib the pandemonium lord
 75877 | Zig:18   | Identified the +10 shortbow of kkln's Extinguishment
                  | {venom, Str+4 Stlth+}
 75890 | Zig:18   | Identified the +1 ring mail of Refuge {rElec}
 75900 | Zig:18   | Identified the ring of Bodily Harmony {MP+9 Int+4 Dex-4}
 75912 | Zig:19   | Entered Level 19 of a ziggurat
 75966 | Zig:19   | Identified the +2 quick blade "Muisk" {spect, rF- rN++
                  | Str+6}
 75976 | Zig:19   | Identified the +6 plate armour "Vyuczuc" {rElec Str-2 Int+4
                  | Dex+3}
 75994 | Zig:19   | Identified the +11 halberd of the Original Sin {antimagic,
                  | rPois rC- rN++}
 76002 | Zig:19   | Identified the +6 plate armour of the Armoured One {-Tele
                  | Regen+ Slay+2}
 76004 | Zig:19   | Reached skill level 15 in Necromancy
 76013 | Zig:20   | Entered Level 20 of a ziggurat
 76026 | Zig:20   | Noticed Coxtit the pandemonium lord
 76027 | Zig:20   | Noticed Leogem the pandemonium lord
 76029 | Zig:20   | Noticed Eqeagam the pandemonium lord
 76031 | Zig:20   | Noticed Ikicemipri the pandemonium lord
 76031 | Zig:20   | Noticed Juebb the pandemonium lord
 76031 | Zig:20   | Noticed Idamoic the pandemonium lord
 76031 | Zig:20   | Noticed Metoc the pandemonium lord
 76032 | Zig:20   | Killed Metoc the pandemonium lord
 76032 | Zig:20   | Killed Eqeagam the pandemonium lord
 76033 | Zig:20   | Noticed Oriynunn the pandemonium lord
 76034 | Zig:20   | Killed Ikicemipri the pandemonium lord
 76034 | Zig:20   | Noticed Wonacoam the pandemonium lord
 76035 | Zig:20   | Killed Juebb the pandemonium lord
 76035 | Zig:20   | Killed Oriynunn the pandemonium lord
 76036 | Zig:20   | Killed Wonacoam the pandemonium lord
 76037 | Zig:20   | Killed Coxtit the pandemonium lord
 76038 | Zig:20   | Killed Leogem the pandemonium lord
 76043 | Zig:20   | Killed Idamoic the pandemonium lord
 76054 | Zig:20   | Learned a level 9 spell: Polar Vortex
 76062 | Zig:20   | Reached skill level 5 in Ice Magic
 76095 | Zig:20   | Acquired a manual of Staves
 76097 | Zig:20   | Acquired a manual of Shields
 76105 | Zig:20   | Identified the amulet "Caobbue" {-Cast rN+++ Will- Regen+
                  | Slay+6}
 76122 | Zig:21   | Entered Level 21 of a ziggurat
 76151 | Zig:21   | Reached skill level 10 in Ice Magic
 76216 | Zig:21   | Identified the +4 mace of Departure {speed, rC++ rN+}
 76227 | Zig:21   | Identified the amulet "Uredwuoz" {RegenMP +Blink rF++}
 76250 | Zig:22   | Entered Level 22 of a ziggurat
 76273 | Zig:22   | Noticed an ancient lich
 76275 | Zig:22   | Killed an ancient lich
 76275 | Zig:22   | Noticed an ancient lich
 76277 | Zig:22   | Killed an ancient lich
 76278 | Zig:22   | Noticed a dread lich
 76282 | Zig:22   | Killed a dread lich
 76283 | Zig:22   | Reached skill level 15 in Ice Magic
 76286 | Zig:22   | Found the macabre finger necklace {rN+}
 76288 | Zig:22   | Found the +9 staff of Olgreb {rPois∞}
 76293 | Zig:22   | Identified the ring "Enon" {EV+4 SInv}
 76309 | Zig:22   | Identified the amulet of Atheism {Spirit rN+}
 76360 | Zig:22   | Learned a level 9 spell: Death's Door
 76367 | Zig:23   | Entered Level 23 of a ziggurat
 76428 | Zig:23   | Identified the +1 robe of Gaucoom {rF- Dex+3}
 76442 | Zig:23   | Identified the +9 rapier of Honour {holy, Str+4}
 76482 | Zig:24   | Entered Level 24 of a ziggurat
 76504 | Zig:24   | Gained mutation: You are dopey. (Int -2) [a shining eye]
 76644 | Zig:24   | Found the +0 staff of Battle
 76651 | Zig:24   | Identified the +8 chain mail "Idis" {Fly rC- rCorr Stlth+}
 76654 | Zig:24   | Identified the amulet "Pisheosa" {RegenMP Int+6}
 76686 | Zig:24   | Identified the +5 plate armour "Byuze" {rElec rC+ Will+
                  | Stlth+}
 76689 | Zig:24   | Identified the ring "Puinelec" {Str+6 Slay+3}
 76713 | Zig:25   | Entered Level 25 of a ziggurat
 76764 | Zig:25   | Found the +2 robe of Vines {NoPotionHeal Regen+++}
 76797 | Zig:25   | Identified the +2 pair of gloves of the Fletcher {+Blink
                  | Str+3 Dex+4}
 76805 | Zig:25   | Identified the +0 battleaxe of the Blind Eye {venom, rPois
                  | Str+8 Dex-5}
 76828 | Zig:25   | Identified the +8 halberd of Magnificence {flame, Dex+4}
 76836 | Zig:26   | Entered Level 26 of a ziggurat
 76854 | Zig:26   | Noticed a juggernaut
 76855 | Zig:26   | Noticed a juggernaut
 76855 | Zig:26   | Noticed a juggernaut
 76856 | Zig:26   | Noticed a juggernaut
 76857 | Zig:26   | Noticed a juggernaut
 76857 | Zig:26   | Noticed a juggernaut
 76857 | Zig:26   | Noticed a juggernaut
 76858 | Zig:26   | Killed a juggernaut
 76858 | Zig:26   | Killed a juggernaut
 76859 | Zig:26   | Killed a juggernaut
 76859 | Zig:26   | Killed a juggernaut
 76859 | Zig:26   | Killed a juggernaut
 76860 | Zig:26   | Killed a juggernaut
 76860 | Zig:26   | Noticed a juggernaut
 76860 | Zig:26   | Noticed a juggernaut
 76861 | Zig:26   | Killed a juggernaut
 76863 | Zig:26   | Noticed a juggernaut
 76863 | Zig:26   | Killed a juggernaut
 76864 | Zig:26   | Killed a juggernaut
 76865 | Zig:26   | Killed a juggernaut
 76884 | Zig:26   | Found the ring of the Tortoise {AC+8}
 76894 | Zig:26   | Identified the ring of Ubuum {rC+ SInv}
 76902 | Zig:26   | Identified the +4 dire flail of the Singing Soothsayer
                  | {flame, rN++ rCorr}
 76918 | Zig:26   | Identified the ring "Haiczemo" {rF+ Will+ Str+3}
 76927 | Zig:26   | Identified the +11 war axe "Poezuf" {freeze, *Rage rElec
                  | Dex-2 SInv}
 76931 | Zig:26   | Identified the +5 ring mail "Niar" {Contam rF+ rCorr Dex+8}
 76938 | Zig:26   | Identified the ring "Gireh" {rElec rF+++ Str-3 Dex+6
                  | Stlth-}
 76946 | Zig:26   | Identified the ring of Ticir {Fire Dex+3}
 76958 | Zig:26   | Identified the +10 mace "Foesurit" {flame, rElec}
 76960 | Zig:26   | Identified the +5 shortbow "Arhemut" {vorpal, rC+ rN++
                  | Will-}
 76968 | Zig:27   | Entered Level 27 of a ziggurat
 77054 | Zig:27   | Identified the +10 short sword of Collusion {vorpal, rC++
                  | Will+ Int+9 Stlth-}
 77058 | Zig:27   | Identified the +7 falchion of the Muttering Priest {elec,
                  | Int+4}
 77062 | Zig:27   | Identified the +1 robe "Cymusuf" {-Tele rF+++ Dex+4 SInv}
 77064 | Zig:27   | Got the Incunabulum of Frigorific Malediction
 77441 | Slime:1  | Entered Level 1 of the Pits of Slime
 78033 | Slime:5  | Entered Level 5 of the Pits of Slime
 78084 | Slime:5  | Noticed the Royal Jelly
 78094 | Slime:5  | Found a viscous altar of Jiyva.
 78099 | Slime:5  | Killed the Royal Jelly
 78161 | Slime:5  | Identified the amulet "Wexoi" {Reflect Regen+ SH+5}
 78190 | Slime:5  | Identified the +3 plate armour of Lariwin {+Inv rC++}
 78223 | Slime:5  | Got a slimy rune of Zot
 78268 | Slime:5  | Identified the +11 falchion of Xack {vorpal, SInv}
 78295 | Slime:5  | Identified the +1 mace "Noonkul" {vorpal, rN+ rCorr Dex+3}
 78634 | Zig:1    | Entered Level 1 of a ziggurat
 78654 | Zig:2    | Entered Level 2 of a ziggurat
 78674 | Zig:3    | Entered Level 3 of a ziggurat
 78710 | Zig:4    | Entered Level 4 of a ziggurat
 78713 | Zig:4    | Noticed Fohey the pandemonium lord
 78716 | Zig:4    | Killed Fohey the pandemonium lord
 78736 | Zig:4    | Identified the +6 hand axe "Icrioteu" {elec, rF++ rCorr
                  | Int+4 Stlth-}
 78745 | Zig:5    | Entered Level 5 of a ziggurat
 78868 | Zig:6    | Entered Level 6 of a ziggurat
 78988 | Zig:6    | Identified the +1 ring mail of the Game Afoot {rElec Int+2
                  | Dex+4}
 79008 | Zig:7    | Entered Level 7 of a ziggurat
 79035 | Zig:7    | Identified the +1 leather armour of Ignis's Reproof {rPois}
 79066 | Zig:8    | Entered Level 8 of a ziggurat
 79074 | Zig:8    | Noticed a royal mummy
 79078 | Zig:8    | Killed a royal mummy
 79172 | Zig:9    | Entered Level 9 of a ziggurat
 79229 | Zig:10   | Entered Level 10 of a ziggurat
 79287 | Zig:10   | Identified the ring of Kuonetwy {rN+ Str+3 Int+6 Dex-4
                  | SInv}
 79299 | Zig:11   | Entered Level 11 of a ziggurat
 79310 | Zig:11   | Found the ring of Shadows {Umbra +Inv Stlth+}
 79311 | Zig:11   | Found the +7 mace of Variability {chain chaos}
 79465 | Zig:11   | Identified the +4 dagger "Atau" {antimagic, rCorr Str-2
                  | Int-5 SInv}
 79497 | Zig:12   | Entered Level 12 of a ziggurat
 79529 | Zig:12   | Identified the ring "Fadihes" {rPois rCorr Str+4 Int+6}
 79555 | Zig:12   | Identified the +6 fustibalus of War {flame, Int+7 Dex-5}
 79560 | Zig:12   | Acquired 1060 gold pieces
 79562 | Zig:12   | Acquired 882 gold pieces
 79567 | Zig:13   | Entered Level 13 of a ziggurat
 79628 | Zig:13   | Found the ring of the Octopus King
 79634 | Zig:13   | Identified the ring "Xuroakoe" {Fly rElec Str+6 Int+2}
 79638 | Zig:13   | Identified the amulet "Orauck" {+Blink Regen+}
 79645 | Zig:13   | Identified a ring of the Octopus King {Wiz AC+1 EV+1 Str+1
                  | Int+1 Dex+1}
 79660 | Zig:14   | Entered Level 14 of a ziggurat
 79680 | Zig:14   | Found the +8 lance "Wyrmbane" {slay drac, rPois rF+ rC+
                  | AC+3}
 79721 | Zig:14   | Identified the +5 morningstar of Brawling {spect, rC- rN+
                  | Will+}
 79728 | Zig:14   | Identified the +11 rapier of the Glowing Scorpion {chaos,
                  | *Rage +Blink Int-3 Dex+7}
 79734 | Zig:15   | Entered Level 15 of a ziggurat
 79748 | Zig:15   | Noticed a dread lich
 79748 | Zig:15   | Noticed a dread lich
 79748 | Zig:15   | Noticed a dread lich
 79749 | Zig:15   | Killed a dread lich
 79749 | Zig:15   | Killed a dread lich
 79750 | Zig:15   | Noticed an ancient lich
 79752 | Zig:15   | Killed a dread lich
 79752 | Zig:15   | Noticed a dread lich
 79753 | Zig:15   | Killed an ancient lich
 79753 | Zig:15   | Killed a dread lich
 79775 | Zig:15   | Identified the +8 broad axe of Gehenna {drain, rF+}
 79778 | Zig:15   | Identified the +6 hand axe of the Evening {flame, Dex+3}
 79794 | Zig:16   | Entered Level 16 of a ziggurat
 79893 | Zig:16   | Got the Compendium of Illusion
 79898 | Zig:16   | Identified the +9 plate armour of Card Tricks {rElec}
 79910 | Zig:16   | Identified the +1 ring mail of Gibin {Will+}
 79911 | Zig:16   | Identified the +11 fustibalus of Callousness {vorpal, rN+
                  | Will+ rCorr Stlth-}
 79921 | Zig:16   | Identified the +3 war axe of Capital Punishment {vorpal,
                  | Int+4}
 79927 | Zig:17   | Entered Level 17 of a ziggurat
 80032 | Zig:17   | Identified the ring of the Barnacle {rF+ Str+5 Dex+3
                  | Slay-6}
 80049 | Zig:17   | Identified the amulet "Ytyec" {Reflect Str+5 SH+5}
 80061 | Zig:18   | Entered Level 18 of a ziggurat
 80092 | Zig:18   | Reached skill level 27 in Fighting
 80100 | Zig:18   | Identified the ring "Bomeirr" {Str+6 Int+6 Stlth+}
 80106 | Zig:18   | Identified the amulet "Doyj" {RegenMP Int+2}
 80115 | Zig:18   | Identified the ring of Acuet {rElec Int+6 SInv}
 80120 | Zig:18   | Identified the +3 leather armour of Taczu {rC+ Slay+2}
 80125 | Zig:18   | Identified the +4 ring mail of Yredelemnul's Whim {Drain
                  | Str+7 Slay+6}
 80136 | Zig:19   | Entered Level 19 of a ziggurat
 80159 | Zig:19   | Reached skill level 27 in Spellcasting
 80184 | Zig:19   | Identified the ring of Xom's Capriciousness {rPois Str-4
                  | Int+7}
 80199 | Zig:20   | Entered Level 20 of a ziggurat
 80219 | Zig:20   | Noticed a royal mummy
 80220 | Zig:20   | Noticed a royal mummy
 80220 | Zig:20   | Noticed a royal mummy
 80220 | Zig:20   | Noticed a royal mummy
 80221 | Zig:20   | Noticed a royal mummy
 80221 | Zig:20   | Noticed a royal mummy
 80223 | Zig:20   | Killed a royal mummy
 80225 | Zig:20   | Killed a royal mummy
 80225 | Zig:20   | Killed a royal mummy
 80226 | Zig:20   | Killed a royal mummy
 80226 | Zig:20   | Noticed a royal mummy
 80227 | Zig:20   | Killed a royal mummy
 80227 | Zig:20   | Noticed a royal mummy
 80227 | Zig:20   | Noticed a royal mummy
 80227 | Zig:20   | Noticed a royal mummy
 80229 | Zig:20   | Killed a royal mummy
 80230 | Zig:20   | Killed a royal mummy
 80231 | Zig:20   | Killed a royal mummy
 80231 | Zig:20   | Killed a royal mummy
 80231 | Zig:20   | Killed a royal mummy
 80328 | Zig:20   | Identified the +5 spear "Niocuscho" {venom, *Slow rElec
                  | Str-2 Int+8}
 80335 | Zig:21   | Entered Level 21 of a ziggurat
 80347 | Zig:21   | Noticed Zorhyraw's ghost (legendary GrEE)
 80348 | Zig:21   | Noticed Sobuoh's ghost (legendary GrEE)
 80349 | Zig:21   | Noticed Xentuelits's ghost (legendary DsGl)
 80349 | Zig:21   | Noticed Wougrad's ghost (legendary GrEE)
 80349 | Zig:21   | Noticed Gishoal's ghost (legendary KoBr)
 80349 | Zig:21   | Noticed Xiorchab's ghost (legendary VSFi)
 80349 | Zig:21   | Noticed Umoqal's ghost (legendary DEEE)
 80349 | Zig:21   | Noticed Umoqal's ghost (legendary DEEE)
 80349 | Zig:21   | Noticed Xiorchab's ghost (legendary VSFi)
 80350 | Zig:21   | Noticed Leycex's ghost (legendary GrEE)
 80350 | Zig:21   | Noticed Umoqal's ghost (legendary DEEE)
 80353 | Zig:21   | Killed Umoqal's ghost
 80353 | Zig:21   | Killed Gishoal's ghost
 80353 | Zig:21   | Noticed Umoqal's ghost (legendary DEEE)
 80354 | Zig:21   | Killed Umoqal's ghost
 80354 | Zig:21   | Killed Xiorchab's ghost
 80354 | Zig:21   | Killed Xiorchab's ghost
 80354 | Zig:21   | Noticed Xentuelits's ghost (legendary DsGl)
 80355 | Zig:21   | Killed Wougrad's ghost
 80355 | Zig:21   | Killed Zorhyraw's ghost
 80356 | Zig:21   | Killed Sobuoh's ghost
 80356 | Zig:21   | Killed Xentuelits's ghost
 80356 | Zig:21   | Killed Umoqal's ghost
 80357 | Zig:21   | Killed Umoqal's ghost
 80357 | Zig:21   | Killed Leycex's ghost
 80358 | Zig:21   | Noticed Gyofeun's ghost (legendary FoFi)
 80360 | Zig:21   | Noticed Zorhyraw's ghost (legendary GrEE)
 80366 | Zig:21   | Killed Xentuelits's ghost
 80371 | Zig:21   | Killed Zorhyraw's ghost
 80373 | Zig:21   | Killed Gyofeun's ghost
 80634 | Zig:21   | Identified the +6 glaive "Haffan" {vorpal, Dex+7}
 80641 | Zig:21   | Identified the +6 flail of Wauhuc {drain, Will+}
 80669 | Zig:21   | Identified the +7 hunting sling of Foklatorgh {speed, rC-
                  | rN++ Will++}
 80704 | Zig:22   | Entered Level 22 of a ziggurat
 80717 | Zig:22   | Noticed an orb of fire
 80718 | Zig:22   | Noticed an orb of fire
 80718 | Zig:22   | Noticed an orb of fire
 80722 | Zig:22   | Lost mutation: You are robust. (+10% HP) [an orb of fire]
 80722 | Zig:22   | Noticed an orb of fire
 80723 | Zig:22   | Noticed an orb of fire
 80724 | Zig:22   | Noticed an orb of fire
 80726 | Zig:22   | Noticed an orb of fire
 80726 | Zig:22   | Noticed an orb of fire
 80726 | Zig:22   | Noticed an orb of fire
 80726 | Zig:22   | Gained mutation: You are frail. (-10% HP) [an orb of fire]
 80726 | Zig:22   | Noticed an orb of fire
 80727 | Zig:22   | Noticed an orb of fire
 80727 | Zig:22   | Noticed an orb of fire
 80727 | Zig:22   | Killed an orb of fire
 80728 | Zig:22   | Killed an orb of fire
 80728 | Zig:22   | Killed an orb of fire
 80728 | Zig:22   | Killed an orb of fire
 80728 | Zig:22   | Gained mutation: You are clumsy. (Dex -2) [an orb of fire]
 80728 | Zig:22   | Gained mutation: Potions are less effective at restoring
                  | your health. [an orb of fire]
 80729 | Zig:22   | Killed an orb of fire
 80729 | Zig:22   | Gained mutation: You are occasionally teleported next to
                  | monsters. [an orb of fire]
 80730 | Zig:22   | Killed an orb of fire
 80730 | Zig:22   | Noticed an orb of fire
 80732 | Zig:22   | Noticed an orb of fire
 80732 | Zig:22   | Gained mutation: You sometimes lose the ability to read
                  | scrolls when taking damage. [an orb of fire]
 80734 | Zig:22   | Killed an orb of fire
 80735 | Zig:22   | Killed an orb of fire
 80735 | Zig:22   | Killed an orb of fire
 80737 | Zig:22   | Killed an orb of fire
 80738 | Zig:22   | Killed an orb of fire
 80739 | Zig:22   | Killed an orb of fire
 80740 | Zig:22   | Reached skill level 27 in Earth Magic
 80740 | Zig:22   | Killed an orb of fire
 80740 | Zig:22   | Killed an orb of fire
 80890 | Zig:22   | Identified the +2 cloak of a volcano {Int+4}
 80911 | Zig:22   | Identified the +1 hunting sling of Conflict {freeze,
                  | Fragile rPois rF+++ SInv}
 80935 | Zig:22   | Lost mutation: Your muscles are strong. (Str +2) [potion of
                  | mutation]
 80935 | Zig:22   | Lost mutation: You have a pair of small antennae on your
                  | head. [potion of mutation]
 80935 | Zig:22   | Lost mutation: You passively dampen the noise of your
                  | surroundings. [potion of mutation]
 80935 | Zig:22   | Gained mutation: You have hidden genetic defects. [potion
                  | of mutation]
 80935 | Zig:22   | Gained mutation: You expend magic power (3 MP) to
                  | strengthen your wands. [potion of mutation]
 80936 | Zig:22   | Lost mutation: You are clumsy. (Dex -2) [potion of
                  | mutation]
 80936 | Zig:22   | Lost mutation: You have hidden genetic defects. [potion of
                  | mutation]
 80936 | Zig:22   | Lost mutation: You expend magic power (3 MP) to strengthen
                  | your wands. [potion of mutation]
 80936 | Zig:22   | Gained mutation: You have a pair of small antennae on your
                  | head. [potion of mutation]
 80937 | Zig:22   | Lost mutation: You have a pair of small antennae on your
                  | head. [potion of mutation]
 80937 | Zig:22   | Lost mutation: Your spells are a little harder to cast, but
                  | a little more powerful. [potion of mutation]
 80937 | Zig:22   | Lost mutation: Potions are less effective at restoring your
                  | health. [potion of mutation]
 80937 | Zig:22   | Gained mutation: You are very frail. (-20% HP) [potion of
                  | mutation]
 80937 | Zig:22   | Gained mutation: Your flesh is cold resistant. (rC+)
                  | [potion of mutation]
 80937 | Zig:22   | Gained mutation: You have sharp toenails. [potion of
                  | mutation]
 80938 | Zig:22   | Lost mutation: You are very frail. (-20% HP) [potion of
                  | mutation]
 80938 | Zig:22   | Lost mutation: You sometimes lose the ability to read
                  | scrolls when taking damage. [potion of mutation]
 80938 | Zig:22   | Lost mutation: You are frail. (-10% HP) [potion of
                  | mutation]
 80938 | Zig:22   | Gained mutation: You sometimes lose the ability to read
                  | scrolls when taking damage. [potion of mutation]
 80938 | Zig:22   | Gained mutation: You are sometimes teleported next to
                  | monsters. [potion of mutation]
 80938 | Zig:22   | Gained mutation: You have a pair of small antennae on your
                  | head. [potion of mutation]
 80939 | Zig:22   | Lost mutation: You have sharp toenails. [potion of
                  | mutation]
 80939 | Zig:22   | Lost mutation: You sometimes lose the ability to read
                  | scrolls when taking damage. [potion of mutation]
 80939 | Zig:22   | Gained mutation: You have sharp fingernails. [potion of
                  | mutation]
 80939 | Zig:22   | Gained mutation: Your muscles are strong. (Str +2) [potion
                  | of mutation]
 80939 | Zig:22   | Lost mutation: Your flesh is cold resistant. (rC+) [potion
                  | of mutation]
 80939 | Zig:22   | Gained mutation: You have very sharp fingernails. [potion
                  | of mutation]
 80940 | Zig:22   | Lost mutation: You have very sharp fingernails. [potion of
                  | mutation]
 80940 | Zig:22   | Lost mutation: You are dopey. (Int -2) [potion of mutation]
 80940 | Zig:22   | Lost mutation: You are sometimes teleported next to
                  | monsters. [potion of mutation]
 80940 | Zig:22   | Gained mutation: Your spells are a little harder to cast,
                  | but a little more powerful. [potion of mutation]
 80940 | Zig:22   | Gained mutation: You are robust. (+10% HP) [potion of
                  | mutation]
 80940 | Zig:22   | Gained mutation: Your magical capacity is low. (-10% MP)
                  | [potion of mutation]
 80940 | Zig:22   | Gained mutation: You have large cloven feet. [potion of
                  | mutation]
 80985 | Zig:23   | Entered Level 23 of a ziggurat
 81021 | Zig:23   | Found the +6 lightning scales {swift, rElec}
 81057 | Zig:23   | Identified the +9 quarterstaff of Cataclysm {drain, rC-
                  | Will++ Str+3}
 81064 | Zig:23   | Identified the +8 quarterstaff of Doom {speed, rF+ Str+3}
 81066 | Zig:23   | Identified the +3 shortbow of Dishonesty {venom, rElec rF-
                  | Int+3}
 81068 | Zig:23   | Identified the +6 trident of Epym Nie {venom, Dex+4}
 81081 | Zig:23   | Identified the ring of Stoicism {Ice *Corrode Fly rPois
                  | Dex-5}
 81088 | Zig:23   | Identified the +7 hand crossbow of Superiority {penet,
                  | Int+5}
 81104 | Zig:24   | Entered Level 24 of a ziggurat
 81155 | Zig:24   | Identified the +4 chain mail of the Maze {Drain rElec rPois
                  | Str+4}
 81176 | Zig:24   | Identified the +6 glaive of Vieduer {vamp, rElec}
 81192 | Zig:25   | Entered Level 25 of a ziggurat
 81236 | Zig:25   | Found the +9 staff of Wucad Mu {*channel}
 81257 | Zig:25   | Identified the +0 scale mail of Creativity {rC+}
 81262 | Zig:25   | Identified the ring of Ataomiut {Int+6 Dex+4}
 81272 | Zig:25   | Identified the amulet of Pessimism {Reflect rC+ rCorr MP-9
                  | Slay+3 SH+5}
 81279 | Zig:26   | Entered Level 26 of a ziggurat
 81343 | Zig:26   | Identified the +2 cloak of Distant Shores {rF+ rC++ Str-4}
 81361 | Zig:26   | Identified the +4 scimitar "Gaorhof" {drain, rElec}
 81372 | Zig:26   | Identified the +7 flail of the Vendetta {drain, *Noise
                  | rElec rCorr}
 81374 | Zig:26   | Identified the +4 dagger of Lies {vorpal, Str+5}
 81390 | Zig:27   | Entered Level 27 of a ziggurat
 81409 | Zig:27   | Noticed a dread lich
 81411 | Zig:27   | Killed a dread lich
 81413 | Zig:27   | Noticed a dread lich
 81414 | Zig:27   | Noticed an ancient lich
 81417 | Zig:27   | Killed an ancient lich
 81418 | Zig:27   | Killed a dread lich
 81418 | Zig:27   | Noticed an ancient lich
 81418 | Zig:27   | Noticed an ancient lich
 81420 | Zig:27   | Killed an ancient lich
 81420 | Zig:27   | Killed an ancient lich
 81421 | Zig:27   | Noticed an ancient lich
 81421 | Zig:27   | Noticed a dread lich
 81423 | Zig:27   | Killed a dread lich
 81423 | Zig:27   | Killed an ancient lich
 81449 | Zig:27   | Identified the +4 scale mail of Fowiom {Harm rPois Stlth-}
 81460 | Zig:27   | Got the Handbook of the Escort and Displacement
 81464 | Zig:27   | Identified the +5 ring mail "Denaufynn" {rF+++ rCorr Dex-2
                  | Slay+2}
 81467 | Zig:27   | Identified the +3 war axe "Seg Ycwo" {vorpal, rCorr Str+5
                  | Dex+2}
 81481 | Zig:27   | Identified the +1 robe of Slovenliness {Rampage *Corrode
                  | Dex+7 Archmagi}
 81484 | Zig:27   | Identified the +2 lajatang "Lapoygue" {venom, Str+4}
 81532 | Depths:1 | Voluntarily entered the Abyss.
 81700 | Abyss:2  | Noticed an ancient lich
 81704 | Abyss:2  | Killed an ancient lich
 81814 | Abyss:3  | Found a corrupted altar of Lugonu.
 82424 | Abyss:3  | Got an abyssal rune of Zot
 82444 | Depths:1 | Escaped the Abyss
 82564 | Zig:1    | Entered Level 1 of a ziggurat
 82625 | Zig:2    | Entered Level 2 of a ziggurat
 82643 | Zig:2    | Identified the +4 flail of Joyful Slaughter {freeze, rPois
                  | rN+ rCorr}
 82722 | Zig:3    | Entered Level 3 of a ziggurat
 82748 | Zig:4    | Entered Level 4 of a ziggurat
 82752 | Zig:4    | Paralysed by an air elemental for 1 turns
 82763 | Zig:4    | Identified the +6 war axe of Skirmishing {vorpal, Dex+4}
 82772 | Zig:4    | Identified the +0 leather armour of the Gloaming {rElec rF+
                  | rC+ Dex+4}
 82825 | Zig:5    | Entered Level 5 of a ziggurat
 82831 | Zig:5    | Noticed a dread lich
 82833 | Zig:5    | Killed a dread lich
 82928 | Zig:6    | Entered Level 6 of a ziggurat
 82934 | Zig:6    | Found the ring of the Octopus King
 82936 | Zig:6    | Reached skill level 27 in Ice Magic
 83059 | Zig:6    | Identified a ring of the Octopus King {AC+1 EV+1 Str+1
                  | Int+1 Dex+1 SInv}
 83068 | Zig:7    | Entered Level 7 of a ziggurat
 83085 | Zig:7    | Identified the +4 ring mail of Integrity {rC+ Int+3 Dex+5}
 83109 | Zig:8    | Entered Level 8 of a ziggurat
 83128 | Zig:8    | Identified the amulet of Doubts {Faith rPois rN++ rCorr
                  | Str-4}
 83133 | Zig:8    | Identified the amulet "Roillic" {Reflect +Inv rElec SH+5}
 83155 | Zig:8    | Learned a level 8 spell: Maxwell's Capacitive Coupling
 83156 | Zig:9    | Entered Level 9 of a ziggurat
 83163 | Zig:9    | Reached skill level 1 in Air Magic
 83203 | Zig:10   | Entered Level 10 of a ziggurat
 83209 | Zig:10   | Found the +8 demon blade "Leech" {vamp, Harm Drain rN+}
 83209 | Zig:10   | Found the +3 crown of Dyrovepreva {rElec Int+2 SInv}
 83212 | Zig:10   | Reached skill level 27 in Conjurations
 83268 | Zig:11   | Entered Level 11 of a ziggurat
 83274 | Zig:11   | Noticed a dread lich
 83275 | Zig:11   | Noticed a dread lich
 83277 | Zig:11   | Killed a dread lich
 83278 | Zig:11   | Killed a dread lich
 83279 | Zig:11   | Reached skill level 5 in Air Magic
 83298 | Zig:11   | Identified the +2 robe of Recklessness {rPois Int+6 Stlth+}
 83305 | Zig:11   | Identified the ring "Ytwuint" {Will+ Dex+5}
 83318 | Zig:12   | Entered Level 12 of a ziggurat
 83346 | Zig:12   | Identified the amulet of the Witching King {rC- Regen+
                  | Int+2 SInv}
 83352 | Zig:12   | Identified the +6 battleaxe of Brawling {drain, rF+}
 83369 | Zig:13   | Entered Level 13 of a ziggurat
 83388 | Zig:13   | Identified the ring of the Republic {rElec Will+ Str+4
                  | Stlth+}
 83412 | Zig:13   | Identified the ring "Evef" {rF+ rC+ Int+3 SInv}
 83425 | Zig:13   | Identified the ring of Ignis's Favour {Slay+5 SInv}
 83444 | Zig:14   | Entered Level 14 of a ziggurat
 83463 | Zig:14   | Found the +7 pair of quick blades "Gyre" and "Gimble"
                  | {protect}
 83465 | Zig:14   | Found the amulet of the Four Winds {rN+ Will+++ Clar}
 83482 | Zig:14   | Reached skill level 10 in Air Magic
 83505 | Zig:14   | Identified the +10 halberd "Nyfaut" {drain, MP+9}
 83513 | Zig:15   | Entered Level 15 of a ziggurat
 83546 | Zig:15   | Reached skill level 27 in Fire Magic
 83547 | Zig:15   | Identified the +1 pair of gloves of Hysteria {rN++}
 83552 | Zig:15   | Identified the ring of Otoweis {rElec rN+ Will- SInv
                  | Stlth+}
 83576 | Zig:15   | Identified the +1 cloak of Vutezxa {Dex+4}
 83599 | Zig:15   | Learned a level 8 spell: Lehudib's Crystal Spear
 83600 | Zig:16   | Entered Level 16 of a ziggurat
 83604 | Zig:16   | Noticed a royal mummy
 83607 | Zig:16   | Noticed a royal mummy
 83607 | Zig:16   | Noticed a royal mummy
 83607 | Zig:16   | Noticed a royal mummy
 83607 | Zig:16   | Noticed a royal mummy
 83607 | Zig:16   | Noticed a royal mummy
 83607 | Zig:16   | Noticed a royal mummy
 83607 | Zig:16   | Noticed a royal mummy
 83607 | Zig:16   | Noticed a royal mummy
 83610 | Zig:16   | Killed a royal mummy
 83610 | Zig:16   | Killed a royal mummy
 83610 | Zig:16   | Killed a royal mummy
 83610 | Zig:16   | Killed a royal mummy
 83610 | Zig:16   | Killed a royal mummy
 83610 | Zig:16   | Killed a royal mummy
 83610 | Zig:16   | Killed a royal mummy
 83611 | Zig:16   | Noticed a royal mummy
 83611 | Zig:16   | Killed a royal mummy
 83612 | Zig:16   | Killed a royal mummy
 83614 | Zig:16   | Identified the amulet of Hoam {Faith rPois}
 83619 | Zig:16   | Killed a royal mummy
 83682 | Zig:16   | Identified the ring of Hoonum {rElec rC+}
 83687 | Zig:16   | Acquired a manual of Air Magic
 83696 | Zig:16   | Identified the ring "Doroek" {rElec Will+ MP+9 Str+6}
 83720 | Zig:17   | Entered Level 17 of a ziggurat
 83725 | Zig:17   | Noticed a royal mummy
 83726 | Zig:17   | Noticed a royal mummy
 83726 | Zig:17   | Noticed a royal mummy
 83726 | Zig:17   | Noticed a royal mummy
 83730 | Zig:17   | Noticed a royal mummy
 83732 | Zig:17   | Noticed a royal mummy
 83734 | Zig:17   | Noticed a royal mummy
 83734 | Zig:17   | Noticed an ancient lich
 83735 | Zig:17   | Killed a royal mummy
 83735 | Zig:17   | Killed a royal mummy
 83735 | Zig:17   | Killed a royal mummy
 83735 | Zig:17   | Killed a royal mummy
 83735 | Zig:17   | Killed a royal mummy
 83736 | Zig:17   | Killed a royal mummy
 83736 | Zig:17   | Noticed an ancient lich
 83736 | Zig:17   | Noticed a royal mummy
 83736 | Zig:17   | Noticed a royal mummy
 83737 | Zig:17   | Noticed a royal mummy
 83738 | Zig:17   | Killed a royal mummy
 83738 | Zig:17   | Killed an ancient lich
 83738 | Zig:17   | Killed an ancient lich
 83739 | Zig:17   | Reached skill level 15 in Air Magic
 83741 | Zig:17   | Noticed a royal mummy
 83742 | Zig:17   | Found the +13 scythe of Curses {drain, Drain}
 83742 | Zig:17   | Killed a royal mummy
 83743 | Zig:17   | Killed a royal mummy
 83743 | Zig:17   | Killed a royal mummy
 83748 | Zig:17   | Killed a royal mummy
 83763 | Zig:17   | Identified the +5 scimitar of Valour {venom, Str+7 Int+4}
 83769 | Zig:17   | Identified the amulet "Jujayse" {Spirit rElec rCorr Str-3}
 83775 | Zig:17   | Identified the +0 scale mail of the Bulwark {Drain rElec
                  | Str+3}
 83813 | Zig:18   | Entered Level 18 of a ziggurat
 83825 | Zig:18   | Noticed a dread lich
 83826 | Zig:18   | Found the amulet of Vitality {Regen+ HP+15}
 83829 | Zig:18   | Killed a dread lich
 84092 | Zig:18   | Identified the +6 hand axe of Ownin {vorpal, Int+3}
 84094 | Zig:18   | Identified the +10 shortbow of Penila {flame, rC+ rCorr}
 84101 | Zig:18   | Identified the +4 halberd of Temperance {pain, rPois rC++
                  | Will- Stlth+}
 84115 | Zig:19   | Entered Level 19 of a ziggurat
 84126 | Zig:19   | Found the +10 tower shield of Ignorance {rN+ Int-4}
 84129 | Zig:19   | Reached skill level 27 in Dodging
 84182 | Zig:19   | Identified the +5 arbalest of Dissent {vorpal, rC+ Int+5
                  | SInv}
 84183 | Zig:19   | Identified the ring of Vasygh {rN+ Dex+3}
 84210 | Zig:19   | Identified the +8 dagger of Tiofoex {venom, rPois Will++
                  | Str+6}
 84211 | Zig:19   | Identified the +9 plate armour "Vebaecs" {Will++ rCorr MP+9
                  | Str-4}
 84213 | Zig:19   | Identified the amulet "Owkym" {Faith Str+2 Dex+2 Stlth+}
 84222 | Zig:19   | Identified the +12 flail of Uskayaw's Grace {flame, rElec
                  | Str-2 Int+4}
 84225 | Zig:19   | Identified the +6 short sword "Ovvedd" {vorpal, rCorr
                  | Stlth+}
 84230 | Zig:20   | Entered Level 20 of a ziggurat
 84237 | Zig:20   | Noticed a dread lich
 84239 | Zig:20   | Noticed a dread lich
 84241 | Zig:20   | Killed a dread lich
 84242 | Zig:20   | Killed a dread lich
 84243 | Zig:20   | Reached skill level 10 in Armour
 84244 | Zig:20   | Reached skill level 15 in Staves
 84292 | Zig:20   | Identified the +8 flail of Destiny {drain, rN+ Str-3 Int+4}
 84316 | Zig:21   | Entered Level 21 of a ziggurat
 84327 | Zig:21   | Noticed Ediypp the pandemonium lord
 84327 | Zig:21   | Noticed Catu Rol the pandemonium lord
 84327 | Zig:21   | Noticed Ararefir the pandemonium lord
 84327 | Zig:21   | Noticed Ewakh the pandemonium lord
 84328 | Zig:21   | Noticed Kecsotare the pandemonium lord
 84328 | Zig:21   | Noticed Uli Tuv the pandemonium lord
 84328 | Zig:21   | Noticed Cutefis the pandemonium lord
 84328 | Zig:21   | Noticed Dapucsoh the pandemonium lord
 84328 | Zig:21   | Noticed Uskaup the pandemonium lord
 84329 | Zig:21   | Noticed Tisappyfoo the pandemonium lord
 84329 | Zig:21   | Noticed Tocs the pandemonium lord
 84329 | Zig:21   | Noticed Pakaut the pandemonium lord
 84329 | Zig:21   | Noticed Juathrigo the pandemonium lord
 84329 | Zig:21   | Noticed Qeumock the pandemonium lord
 84329 | Zig:21   | Noticed Wogutses the pandemonium lord
 84329 | Zig:21   | Noticed Finai the pandemonium lord
 84330 | Zig:21   | Noticed Quan the pandemonium lord
 84330 | Zig:21   | Noticed Xeqyt the pandemonium lord
 84335 | Zig:21   | Noticed Noecs the pandemonium lord
 84335 | Zig:21   | Noticed Zeheecw the pandemonium lord
 84335 | Zig:21   | Killed Cutefis the pandemonium lord
 84335 | Zig:21   | Killed Ediypp the pandemonium lord
 84336 | Zig:21   | Noticed Togg the pandemonium lord
 84336 | Zig:21   | Killed Tisappyfoo the pandemonium lord
 84336 | Zig:21   | Killed Ewakh the pandemonium lord
 84336 | Zig:21   | Killed Uli Tuv the pandemonium lord
 84337 | Zig:21   | Killed Catu Rol the pandemonium lord
 84340 | Zig:21   | Killed Wogutses the pandemonium lord
 84340 | Zig:21   | Killed Quan the pandemonium lord
 84341 | Zig:21   | Killed Tocs the pandemonium lord
 84345 | Zig:21   | Killed Zeheecw the pandemonium lord
 84345 | Zig:21   | Killed Uskaup the pandemonium lord
 84345 | Zig:21   | Killed Juathrigo the pandemonium lord
 84346 | Zig:21   | Reached skill level 15 in Armour
 84350 | Zig:21   | Killed Finai the pandemonium lord
 84350 | Zig:21   | Killed Qeumock the pandemonium lord
 84351 | Zig:21   | Killed Ararefir the pandemonium lord
 84351 | Zig:21   | Killed Togg the pandemonium lord
 84351 | Zig:21   | Killed Xeqyt the pandemonium lord
 84351 | Zig:21   | Killed Pakaut the pandemonium lord
 84351 | Zig:21   | Killed Dapucsoh the pandemonium lord
 84352 | Zig:21   | Killed Noecs the pandemonium lord
 84353 | Zig:21   | Killed Kecsotare the pandemonium lord
 84533 | Zig:21   | Identified the +4 tower shield of Masochism {rC+ Regen+
                  | Int+2 Dex+4}
 84539 | Zig:21   | Identified the ring of Sysh {+Blink rN+ Str-2 Dex+2 SInv}
 84567 | Zig:21   | Identified the +5 chain mail of the Desolation of Salt
                  | {rF+}
 84582 | Zig:22   | Entered Level 22 of a ziggurat
 84592 | Zig:22   | Noticed an ancient lich
 84597 | Zig:22   | Killed an ancient lich
 84597 | Zig:22   | Noticed a dread lich
 84597 | Zig:22   | Noticed an ancient lich
 84598 | Zig:22   | Noticed a dread lich
 84600 | Zig:22   | Killed a dread lich
 84600 | Zig:22   | Killed an ancient lich
 84600 | Zig:22   | Killed a dread lich
 84601 | Zig:22   | Reached skill level 15 in Evocations
 84665 | Zig:22   | Identified the +5 ring mail of the Archfiend {rF+ Will+
                  | Str-5 Int+9}
 84675 | Zig:23   | Entered Level 23 of a ziggurat
 84756 | Zig:24   | Entered Level 24 of a ziggurat
 84897 | Zig:24   | Identified the +2 robe "Put-Me-On" {rCorr MP+9 Int+5 Dex-2}
 84900 | Zig:24   | Identified the +11 quarterstaff of Iddisips {drain, Str+5}
 84905 | Zig:24   | Identified the +1 ring mail of Atheism {rElec Dex+5}
 84915 | Zig:24   | Identified the +5 war axe "Pizopa" {vorpal, Contam rElec
                  | SInv}
 84923 | Zig:24   | Identified the +8 morningstar of Accord {spect, Drain rN+
                  | Str+2 Dex+4}
 84953 | Zig:25   | Entered Level 25 of a ziggurat
 84966 | Zig:25   | Noticed Xearhemi the pandemonium lord
 84967 | Zig:25   | Found the ring of the Mage {Wiz Will++ Int+3}
 84967 | Zig:25   | Found the +6 arbalest "Damnation" {damnation}
 84967 | Zig:25   | Found the brooch of Shielding {Spirit SH+8}
 84970 | Zig:25   | Killed Xearhemi the pandemonium lord
 85247 | Zig:25   | Identified the +7 long sword of Zait {protect, rPois Str+4}
 85276 | Zig:25   | Identified the +2 ring mail of Xuckucw {+Inv Dex+2}
 85287 | Zig:26   | Entered Level 26 of a ziggurat
 85298 | Zig:26   | Noticed an ancient lich
 85298 | Zig:26   | Noticed an ancient lich
 85300 | Zig:26   | Noticed a dread lich
 85300 | Zig:26   | Noticed a dread lich
 85301 | Zig:26   | Noticed an ancient lich
 85301 | Zig:26   | Killed an ancient lich
 85301 | Zig:26   | Killed an ancient lich
 85301 | Zig:26   | Killed a dread lich
 85301 | Zig:26   | Noticed an ancient lich
 85302 | Zig:26   | Killed a dread lich
 85302 | Zig:26   | Noticed an ancient lich
 85303 | Zig:26   | Noticed a dread lich
 85303 | Zig:26   | Killed an ancient lich
 85303 | Zig:26   | Killed a dread lich
 85304 | Zig:26   | Killed an ancient lich
 85304 | Zig:26   | Noticed a dread lich
 85304 | Zig:26   | Noticed a dread lich
 85306 | Zig:26   | Killed a dread lich
 85306 | Zig:26   | Noticed an ancient lich
 85307 | Zig:26   | Killed a dread lich
 85307 | Zig:26   | Noticed an ancient lich
 85309 | Zig:26   | Killed an ancient lich
 85309 | Zig:26   | Killed an ancient lich
 85312 | Zig:26   | Noticed a dread lich
 85314 | Zig:26   | Killed a dread lich
 85319 | Zig:26   | Gained mutation: You do not regenerate when monsters are
                  | visible. [a shining eye]
 85321 | Zig:26   | Found the amulet of the Air {Inacc Air Fly rElec RMsl}
 85322 | Zig:26   | Gained mutation: You are sometimes teleported next to
                  | monsters. [a shining eye]
 85450 | Zig:26   | Found the ring of the Octopus King
 85462 | Zig:26   | Identified the +3 quarterstaff "Mofaol" {protect, Str+3
                  | Int+6 Dex+2 SInv}
 85480 | Zig:26   | Identified a ring of the Octopus King {rCorr AC+1 EV+1
                  | Str+1 Int+1 Dex+1}
 85486 | Zig:26   | Lost mutation: You are sometimes teleported next to
                  | monsters. [potion of mutation]
 85486 | Zig:26   | Gained mutation: Your muscles are very strong. (Str +4)
                  | [potion of mutation]
 85486 | Zig:26   | Lost mutation: You are robust. (+10% HP) [potion of
                  | mutation]
 85487 | Zig:26   | Lost mutation: Your muscles are very strong. (Str +4)
                  | [potion of mutation]
 85487 | Zig:26   | Lost mutation: You do not regenerate when monsters are
                  | visible. [potion of mutation]
 85487 | Zig:26   | Lost mutation: You have a pair of small antennae on your
                  | head. [potion of mutation]
 85487 | Zig:26   | Gained mutation: You are agile. (Dex +2) [potion of
                  | mutation]
 85487 | Zig:26   | Gained mutation: You have hidden genetic defects. [potion
                  | of mutation]
 85487 | Zig:26   | Gained mutation: You are very agile. (Dex +4) [potion of
                  | mutation]
 85488 | Zig:26   | Lost mutation: You are very agile. (Dex +4) [potion of
                  | mutation]
 85488 | Zig:26   | Lost mutation: You are agile. (Dex +2) [potion of mutation]
 85488 | Zig:26   | Lost mutation: Your muscles are strong. (Str +2) [potion of
                  | mutation]
 85488 | Zig:26   | Gained mutation: You tend to lose your temper in combat.
                  | [potion of mutation]
 85488 | Zig:26   | Gained mutation: You are agile. (Dex +2) [potion of
                  | mutation]
 85489 | Zig:26   | Lost mutation: You have hidden genetic defects. [potion of
                  | mutation]
 85489 | Zig:26   | Lost mutation: You are agile. (Dex +2) [potion of mutation]
 85489 | Zig:26   | Lost mutation: You have sharp fingernails. [potion of
                  | mutation]
 85489 | Zig:26   | Gained mutation: Your flesh is cold resistant. (rC+)
                  | [potion of mutation]
 85489 | Zig:26   | Gained mutation: You are partially covered in iridescent
                  | scales. (AC +2) [potion of mutation]
 85489 | Zig:26   | Gained mutation: Your movements are slightly less
                  | encumbered by armour. (ER -2) [potion of mutation]
 85490 | Zig:26   | Lost mutation: You are occasionally teleported next to
                  | monsters. [potion of mutation]
 85490 | Zig:26   | Lost mutation: You are partially covered in iridescent
                  | scales. (AC +2) [potion of mutation]
 85490 | Zig:26   | Lost mutation: Your flesh is cold resistant. (rC+) [potion
                  | of mutation]
 85490 | Zig:26   | Gained mutation: You are clumsy. (Dex -2) [potion of
                  | mutation]
 85490 | Zig:26   | Gained mutation: You sometimes lose the ability to read
                  | scrolls when taking damage. [potion of mutation]
 85490 | Zig:26   | Gained mutation: Your mind is acute. (Int +2) [potion of
                  | mutation]
 85491 | Zig:26   | Lost mutation: You are clumsy. (Dex -2) [potion of
                  | mutation]
 85491 | Zig:26   | Lost mutation: Your magical capacity is low. (-10% MP)
                  | [potion of mutation]
 85491 | Zig:26   | Gained mutation: You are partially covered in iridescent
                  | scales. (AC +2) [potion of mutation]
 85492 | Zig:26   | Lost mutation: You are partially covered in iridescent
                  | scales. (AC +2) [potion of mutation]
 85492 | Zig:26   | Lost mutation: You tend to lose your temper in combat.
                  | [potion of mutation]
 85492 | Zig:26   | Gained mutation: You are robust. (+10% HP) [potion of
                  | mutation]
 85492 | Zig:26   | Lost mutation: You are robust. (+10% HP) [potion of
                  | mutation]
 85492 | Zig:26   | Gained mutation: You expend magic power (3 MP) to
                  | strengthen your wands. [potion of mutation]
 85493 | Zig:26   | Lost mutation: You sometimes lose the ability to read
                  | scrolls when taking damage. [potion of mutation]
 85493 | Zig:26   | Lost mutation: You expend magic power (3 MP) to strengthen
                  | your wands. [potion of mutation]
 85493 | Zig:26   | Lost mutation: Your mind is acute. (Int +2) [potion of
                  | mutation]
 85493 | Zig:26   | Gained mutation: Your body sometimes deteriorates upon
                  | taking damage. [potion of mutation]
 85493 | Zig:26   | Gained mutation: You have hidden genetic potential. [potion
                  | of mutation]
 85504 | Zig:27   | Entered Level 27 of a ziggurat
 85517 | Zig:27   | HP: 1/199 [Brimstone Fiend/damnation (43)]
 85518 | Zig:27   | Killed from afar by a Brimstone Fiend

Illustrated notes

Levels and vault maps discovered:
D:1:      dpeg_arrival_more_subterranean_lakeside_camping, layout_basic
D:2:      layout_basic, basic_altar, serial_shops, shop
D:3:      layout_basic, minmay_statues_item, uniq_crazy_yiuf_cottage
D:4:      layout_loops_corners, uniq_pikel, uniq_natasha
D:5:      layout_basic, serial_shops, shop, skrybe_limestone_x, uniq_menkaure
D:6:      layout_loops_ring, minmay_temple_entry_statues_pillars
D:7:      layout_loops_cross, kennysheep_little_box
D:8:      layout_basic, dpeg_oklobed_lair, serial_shops,
          nicolae_inconvenience_store, minmay_tree_intersection,
          minmay_crossroads
D:9:      layout_grid_maze, minmay_chambers_of_fives, uniq_prince_ribbit1
D:10:     layout_basic, serial_corexii_hall, corexii_hall_statues_i,
          corexii_hall_statues_l
D:11:     layout_roguey, minivault_22, grunt_ministairs_8
D:12:     layout_big_octagon, orc_0_dummy
D:13:     cheibrodos_orc_bank, layout_gridville, david_vaults_5,
          nemelex_spade_bored_becter
D:14:     layout_cave_pools, gammafunk_ghost_hydra_chop, led_sif_pool
D:15:     grunt_enter_depths_magical_seal, layout_small_grid,
          grunt_dithmenos_smoke_and_mirrors, minmay_gold_behind_fungi
Temple:   nicolae_temple_the_god_donut
Lair:1:   layout_regular_city, gammafunk_ghost_arena, grunt_megastairs_3,
          serial_bayou_shore_b
Lair:2:   layout_cave_pods, serial_bayou_shore_b, grunt_megastairs_2
Lair:3:   layout_regular_city, minmay_snake_entry_guardpost_medium,
          hellmonk_ghost_happy_afterlife, st_stairs_7
Lair:4:   gammafunk_boulding_lane, layout_hall_layers,
          skrybe_swamp_entry_bodies, grunt_forest_small_clearings,
          lemuel_fruit_tree, grunt_megastairs_1, uniq_nessos
Lair:5:   layout_regular_city, minmay_slime_entry_jelly_boxes,
          grunt_megastairs_5
Lair:6:   minmay_lair_end_frog_pond, layout_cave_pods,
          infiniplex_staircase_pool, uniq_rupert
Swamp:1:  layout_basic_swamp, nicolae_swamp_godswood, uniq_kirke
Swamp:2:  layout_basic_swamp, evilmike_swamp_ruin_house_3, swamp_pool4,
          nicolae_swamp_well_well_well
Swamp:3:  layout_basic_swamp, nicolae_swamp_dense_foliage
Swamp:4:  byrel_swamp_growth_death_and_undeath, layout_basic_swamp, swamp_pool1,
          roderic_carrion_pond
Snake:1:  gammafunk_its_a_trap, layout_basic, portal_ice_cave_entry_ugly_swarm,
          ebering_ghost_reflecting_pool, uniq_nikola
Snake:2:  layout_grid_maze
Snake:3:  layout_honeycomb, nicolae_snake_lava_pool, minmay_shop_star,
          uniq_jorgrun
Snake:4:  grunt_snake_rune_serpentine_throne, layout_basic,
          nrook_guardian_serpent_ordinary, uniq_asterion
Slime:1:  layout_caves
Slime:2:  nicolae_slime_pool, layout_caves
Slime:3:  layout_caves, uniq_dissolution
Slime:4:  layout_caves
Slime:5
Orc:1:    layout_caves, basic_altar
Orc:2:    grunt_orc_cross, layout_caves, serial_shops, shop, minmay_orc_barracks
Elf:1:    minmay_elf_arrival_circle, layout_rooms, minmay_elf_crystal_heptagon,
          serial_sigils_hangedman_stare, ebering_dispersal_statue_hall
Elf:2:    nicolae_elf_blades_crystal_corner, layout_loops_corners, serial_shops,
          nicolae_take_the_stairs, nicolae_shop_waterfront
Elf:3:    elf_hall, layout_geoelf_diagonals, hex_intersection
Vaults:1: nicolae_vaults_network_quincunx
          [nicolae_vaults_network_quincunx_subvault,
          nicolae_vaults_network_quincunx_subvault,
          nicolae_vaults_network_quincunx_subvault,
          nicolae_vaults_network_quincunx_subvault,
          nicolae_vaults_network_quincunx_subvault], v_misc_31,
          nicolae_vaults_little_ls, hangedman_vaults_slice, grunt_vaults_focal,
          v_misc_23, v_pattern_3, ontoclasm_vaults_chip,
          layout_vaults_big_cross, serial_shops, nicolae_shop_statue_plus
Vaults:2: hangedman_vaults_variations, ontoclasm_vaults_ligature,
          grunt_vaults_diagonal, v_misc_17, vaults_dpeg_diagonal,
          vaults_mumra_hexcomb, v_rooms_3, nicolae_vaults_ninety_degrees,
          v_misc_33, nicolae_vaults_mini_display_case, v_misc_15,
          ontoclasm_vaults_tryst, layout_vaults_omnibox
Vaults:3: hangedman_vaults_maws, v_misc_24, dpeg_vaults_monster_box,
          vaults_room_hangedman_quadrants, nicolae_vaults_ring_of_whatevers,
          ontoclasm_vaults_loading_screen, hangedman_vaults_impose,
          layout_vaults_omnigrid, minmay_crypt_entry_nasty_monster
Vaults:4: ontoclasm_vaults_loading_screen, v_misc_29, hangedman_vaults_slither,
          vaults_room_ringed_pool, nicolae_vaults_border_crossing,
          ontoclasm_vaults_shuriken, nicolae_vaults_gold_heap,
          ontoclasm_vaults_ring_small, nicolae_vaults_murderbox,
          nicolae_vaults_little_squares_2, ontoclasm_vaults_twist,
          nicolae_vaults_puzzle_piece, v_misc_28, ontoclasm_vaults_hangar,
          v_misc_8, layout_vaults_maze, serial_shops, shop, shop_fountains
Vaults:5: uniq_jory
Crypt:1:  layout_basic, uniq_sojobo
Crypt:2:  layout_regular_city, mu_enter_wizlab_5, nicolae_crypt_cryptocurrency
Crypt:3:  lightli_unholy_cathedral, layout_chaotic_city,
          nicolae_tomb_entry_grand_gallery, uniq_khufu
Depths:1: layout_honeycomb, lemuel_tele_altar, nicolae_trove_entry_isolated,
          abyss_entry_small_statue_room, grunt_hell_entry_dis_grunt,
          nicolae_qazlal_eye_of_the_storm, serial_bayou_shore_a, uniq_saint_roka
Depths:2: minmay_swirls_squares, layout_gridlike, enter_ziggurat_a,
          serial_shops, shop, grunt_metal_band, marbit_kobold_abyss_entry,
          zin_scriptorium, minmay_staircase_statues
Depths:3: nicolae_legendary_halls, layout_cave_shapes, hellmouth_1,
          fedhas_altar_1, rand_demon_pan_entry_8, grunt_ministairs_12,
          corner_web_ring, uniq_bai_suzhen, uniq_mennas
Depths:4: nzn_winding_woodlands_three_and_one
          [nzn_winding_woodlands_5x15_sawtooth,
          nzn_winding_woodlands_5x15_default,
          nzn_winding_woodlands_5x15_longhouse,
          nzn_winding_woodlands_center_garden], layout_small_grid, hell_entry,
          serial_glass, glass_columns_a, glass_columns_b,
          gammafunk_ghost_berserking_beasts, amcnicky_mini_rare_corridor_liquid,
          abyss_entry, minmay_shoptagon, minmay_staircase_bubble
Depths:5: evilmike_zot_entry_round, layout_basic, pan_entry,
          pf_hell_entry_tar_spiral, nicolae_uskayaw_dance_hall, uniq_frederick
Zig:27:   ziggurat_pillar_d, ziggurat_pillar_d, ziggurat_pillar_d,
          ziggurat_pillar_d

Skill      XL: |  1  2  3  4  5  6  7  8  9 10 11 12 13 14 15 16 17 18 19 20 21 22 23 24 25 26 27 |
---------------+----------------------------------------------------------------------------------+-----
Earth Magic    | 4 5 7 8 9 10 11 12 13 14 15 16 17 18 19 21 22 27 | 27.0
Conjurations   | 1 2 3 4 5 6 7 8 9 10 11 12 13 14 15 16 17 27 | 27.0
Spellcasting   | 3 5 6 7 8 9 10 11 12 13 15 18 19 27 | 27.0
Armour         | 2 4 5 6 22 | 22.3
Fighting       | 2 4 5 7 8 9 10 11 12 13 14 15 16 27 | 27.0
Maces & Flails | 2 3 5 6 |  6.7
Dodging        | 2 3 4 5 6 7 8 9 10 11 12 13 27 | 27.0
Evocations     | 1 3 4 5 7 8 9 10 19 | 19.4
Staves         | 3 4 6 7 8 9 10 11 23 | 23.6
Fire Magic     | 4 8 11 13 15 17 18 19 27 | 27.0
Transmutations | 10 | 10.0
Necromancy     | 22 | 22.0
Ice Magic      | 27 | 27.0
Air Magic      | 23 | 23.8
Stealth        | 9 |  9.1

Action                   |  1- 3 |  4- 6 |  7- 9 | 10-12 | 13-15 | 16-18 | 19-21 | 22-24 | 25-27 || total
-------------------------+-------+-------+-------+-------+-------+-------+-------+-------+-------++-------
Melee: Unarmed           |     8 |       |       |       |       |       |       |       |       ||     8
       Dagger            |    75 |   119 |   143 |   181 |    12 |       |       |       |       ||   530
       Staff             |       |       |       |       |   574 |   497 |   649 |   352 |  1532 ||  3604
       Headbutt          |       |       |       |       |    88 |   100 |   124 |    82 |    26 ||   420
       Flail             |       |       |       |       |    14 |       |       |       |       ||    14
 Cast: Sandblast         |    10 |    22 |    43 |    88 |   142 |     4 |     5 |       |       ||   314
       Stone Arrow       |       |     2 |    29 |   179 |   309 |   116 |     3 |       |    12 ||   650
       Lee's Rapid Decon |       |       |       |       |    50 |    48 |    14 |    16 |    36 ||   164
       Starburst         |       |       |       |       |     5 |    53 |     1 |       |     1 ||    60
       Iron Shot         |       |       |       |       |       |   154 |   167 |    81 |   207 ||   609
       Orb of Destructio |       |       |       |       |       |    21 |       |       |       ||    21
       Ignition          |       |       |       |       |       |     7 |    75 |    59 |   111 ||   252
       Shatter           |       |       |       |       |       |       |       |    31 |   573 ||   604
       Fire Storm        |       |       |       |       |       |       |       |       |    91 ||    91
       Polar Vortex      |       |       |       |       |       |       |       |       |    29 ||    29
       Death's Door      |       |       |       |       |       |       |       |       |     6 ||     6
       Necromutation     |       |       |       |       |       |       |       |       |     4 ||     4
       Lehudib's Crystal |       |       |       |       |       |       |       |       |     1 ||     1
 Abil: Evoke Blink       |       |       |       |       |       |       |       |       |     1 ||     1
Evoke: Wand              |       |     9 |     7 |    16 |    24 |     6 |     1 |       |     1 ||    64
       Phantom mirror    |       |       |       |     1 |     2 |     1 |     1 |       |       ||     5
       Tin of tremorston |       |       |       |       |       |     3 |     4 |       |    10 ||    17
       Box of beasts     |       |       |       |       |       |       |     1 |       |     2 ||     3
       Condenser vane    |       |       |       |       |       |       |       |       |     9 ||     9
       Figurine of a zig |       |       |       |       |       |       |       |       |     2 ||     2
       Phial of floods   |       |       |       |       |       |       |       |       |     1 ||     1
  Use: Scroll            |     2 |     3 |     8 |    11 |    14 |     7 |     6 |     2 |    33 ||    86
       Potion            |       |     3 |     2 |     2 |     2 |     8 |     6 |     3 |    59 ||    85
 Stab: Sleeping          |     4 |     5 |     1 |       |     2 |     9 |     5 |     2 |     7 ||    35
       Distracted        |       |       |       |     1 |       |     1 |     2 |     1 |     6 ||    11
       Fleeing           |       |       |       |       |     1 |       |       |       |       ||     1
Armor: Robe              |    24 |    42 |   103 |    61 |       |       |       |       |       ||   230
       Skin              |       |     7 |       |       |       |       |       |       |       ||     7
       Steam dragon scal |       |       |       |   137 |   471 |   313 |   309 |   132 |   999 ||  2361
Dodge: Dodged            |    57 |    67 |   101 |   172 |   574 |   820 |   694 |   287 |  2098 ||  4870

Table legend: (Time is in decaauts)
 A = Elapsed time spent in this place.
 B = Non-inter-level travel time spent in this place.
 C = Inter-level travel time spent in this place.
 D = Time resting spent in this place.
 E = Time spent auto-exploring this place.
 F = Levels seen in this place.
 G = Mean time per level.
                   A        B        C        D        E       F      G
               +--------+--------+--------+--------+--------+-----+--------+
         Total |  84511 |  78855 |   5656 |  12330 |  47605 | 142 |  595.1 |
       Dungeon |  20652 |  18528 |   2124 |   2218 |  13343 |  15 | 1376.8 |
        Temple |     51 |     34 |     17 |      0 |     21 |   1 |   51.0 |
          Lair |  10584 |   9703 |    881 |    604 |   7337 |   6 | 1764.0 |
         Swamp |   6295 |   6027 |    268 |   1647 |   3504 |   4 | 1573.8 |
     Snake Pit |   7318 |   6660 |    658 |   1098 |   4238 |   4 | 1829.5 |
    Slime Pits |    883 |    834 |     49 |    559 |      0 |   5 |  176.6 |
  Orcish Mines |   2216 |   2004 |    212 |    483 |    974 |   2 | 1108.0 |
   Elven Halls |   3521 |   3230 |    291 |    325 |   2216 |   3 | 1173.7 |
        Vaults |   7701 |   7348 |    353 |    677 |   5173 |   5 | 1540.2 |
         Crypt |   3062 |   2880 |    182 |    224 |   1835 |   3 | 1020.7 |
        Depths |  10144 |   9529 |    615 |    561 |   7520 |   5 | 2028.8 |
         Abyss |   1377 |   1377 |      0 |    263 |    342 |   5 |  275.4 |
      Ziggurat |   8352 |   8352 |      0 |   2968 |     85 |  81 |  103.1 |
         Trove |    103 |    103 |      0 |      0 |      0 |   1 |  103.0 |
      Ice Cave |   1694 |   1694 |      0 |    471 |    813 |   1 | 1694.0 |
        Wizlab |    552 |    552 |      0 |    230 |    202 |   1 |  552.0 |
               +--------+--------+--------+--------+--------+-----+--------+

Top non-repeatable levels by time:
Depths:1: 5270 daAuts
 Snake:3: 2380 daAuts
  Lair:6: 2372 daAuts
     D:8: 2247 daAuts
Vaults:1: 2102 daAuts
 Swamp:3: 1947 daAuts
    D:13: 1815 daAuts
  Lair:3: 1810 daAuts
  Lair:4: 1781 daAuts
 Snake:2: 1757 daAuts
 Snake:1: 1707 daAuts
   IceCv: 1694 daAuts
  Lair:2: 1681 daAuts
    D:11: 1604 daAuts
   Orc:2: 1575 daAuts
